 Dungeon Crawl Stone Soup version 0.30-a0-141-g30f27751c5 (webtiles) character file.

Game seed: 17661043914669283459

838990 qw the Bringer of Light (level 27, 0/218 HPs)
             Began as a Gargoyle Fighter on Sept 25, 2022.
             Was the Champion of the Shining One.
             Killed from afar by an acid blob (10 damage)
             ... with a splash of acid
             ... on level 5 of the Pits of Slime.
             The game lasted 00:40:55 (64220 turns).

qw the Bringer of Light (Gargoyle Fighter)         Turns: 64220, Time: 00:40:56

Health: 0/218      AC: 52    Str: 48    XL:     27
Magic:  30/40      EV: 16    Int:  8    God:    the Shining One [******]
Gold:   8645       SH: 23    Dex:  9    Spells: 26/26 levels left

rFire   x . .      SeeInvis .    m - +9 broad axe (holy)
rCold   + + .      Faith    .    g - +2 tower shield {rC+}
rNeg    + + +      Spirit   .    O - +1 shadow dragon scales of Negligence {rF- rCorr Slay+3 Stlth++++}
rPois   inf        Reflect  .    i - +2 helmet
rElec   +          Harm     .    R - +2 cloak
rCorr   +          Rampage  .    G - +1 pair of gloves "Oraugoum" {Fly rC+ Str+2 Int-3}
Will    ++...                    y - +1 pair of boots "Jouq" {Drain rElec Str+10 Int-4}
Stlth   +.........               h - amulet of regeneration
HPRegen 1.26/turn                T - ring "Tedoi" {Wiz Str+4 Int+4 Slay+3}
MPRegen 0.27/turn                j - +4 ring of evasion

@: marked, corroded, flying, glowing
A: sickness immunity, AC +20, big wings, negative energy resistance 1,
electricity resistance, torment resistance 1, petrification resistance, robust 1
}: 9/15 runes: decaying, serpentine, silver, golden, demonic, glowing, magical,
fiery, dark
a: Renounce Religion, Divine Shield, Cleansing Flame, Summon Divine Warrior


You were on level 5 of the Pits of Slime.
You worshipped the Shining One.
The Shining One was exalted by your worship.
You visited 12 branches of the dungeon, and saw 55 of its levels.
You visited Pandemonium 2 times, and saw 12 of its levels.
You also visited: Gauntlet.

You collected 11612 gold pieces.
You spent 2967 gold pieces at shops.


Innate Abilities, Weirdness & Mutations

You are immune to sickness and miasma.
Your stone body is resilient. (AC +20)
You are immune to poison.
Your large and strong wings let you fly.
You resist negative energy. (rN+)
You are resistant to electric shocks. (rElec)
You are resistant to unholy torment.
You are immune to petrification.
You are robust. (+10% HP)


   Skills:
 O Level 27 Fighting
 - Level 5.4 Short Blades
 - Level 18.0 Axes
 - Level 14.3 Throwing
 - Level 25.6 Armour
 + Level 8.6 Dodging
 - Level 23.0 Shields
 O Level 27 Invocations


You had 26 spell levels left.
You didn't know any spells.
Your spell library was empty.

Inventory:

Hand Weapons
 f - the +4 broad axe "Itits" {spect, Fragile rElec rC+ Int+7}
   (You acquired it on level 1 of the Crypt)

   When its wielder attacks, the weapon's spirit leaps out and strikes again.
   The spirit shares a part of any damage it takes with its wielder.
   Int:       It affects your intelligence (+7).
   rC:        It protects you from cold.
   rElec:     It insulates you from electricity.
   Fragile:   It will be destroyed if unequipped.
 m - a +9 broad axe of holy wrath (weapon)
Missiles
 l - 20 boomerangs
 H - 2 silver boomerangs (quivered)
Armour
 g - a +2 tower shield of cold resistance (worn)
 i - a +2 helmet (worn)
 r - the +0 hat of Gyinog {rElec rF+++}
   (You acquired it on level 3 of the Swamp)

   rF:        It renders you almost immune to fire.
   rElec:     It insulates you from electricity.
 w - the +0 buckler of the Camelopard {Harm Drain rCorr}
   (Okawaru gifted it to you on level 1 of the Vaults)

   rCorr:     It protects you from acid and corrosion.
   Drain:     It drains your maximum health when unequipped.
   Harm:      It increases damage dealt and taken.
 x - a +0 tower shield of protection
 y - the +1 pair of boots "Jouq" (worn) {Drain rElec Str+10 Int-4}
   (You found it on level 5 of the Lair of Beasts)

   Str:       It affects your strength (+10).
   Int:       It affects your intelligence (-4).
   rElec:     It insulates you from electricity.
   Drain:     It drains your maximum health when unequipped.
 A - a scarf of resistance
 G - the +1 pair of gloves "Oraugoum" (worn) {Fly rC+ Str+2 Int-3}
   (You bought it in a shop on level 2 of the Orcish Mines)

   Str:       It affects your strength (+2).
   Int:       It affects your intelligence (-3).
   rC:        It protects you from cold.
   Fly:       It grants you flight.
 I - the +9 plate armour "Zuat" {rElec rPois Int+10 Dex-2}
   (You bought it in a shop on level 2 of the Orcish Mines)

   Int:       It affects your intelligence (+10).
   Dex:       It affects your dexterity (-2).
   rElec:     It insulates you from electricity.
   rPois:     It protects you from poison.
 J - +0 gold dragon scales
 N - the +1 crystal plate armour "Tuxyu" {rC+}
   (Okawaru gifted it to you on level 1 of the Depths)

   rC:        It protects you from cold.
 O - the +1 shadow dragon scales of Negligence (worn) {rF- rCorr Slay+3 Stlth++++}
   (You took it off a vampire knight on level 3 of the Depths)

   Slay:      It affects your accuracy & damage with ranged weapons and melee
   (+3).
   rF:        It makes you vulnerable to fire.
   rCorr:     It protects you from acid and corrosion.
   Stlth:     It makes you much more stealthy.
 R - a +2 cloak (worn)
Jewellery
 h - an amulet of regeneration (around neck)
 j - a +4 ring of evasion (right hand)
 q - the ring "Naeq Suonk" {rC+ rN+ MP+9 Dex+4}
   (You took it off a guardian mummy on level 3 of the Crypt)

   [ring of positive energy]

   Dex:       It affects your dexterity (+4).
   rC:        It protects you from cold.
   rN:        It protects you from negative energy.
   MP:        It affects your magic capacity (+9).
 t - a ring of resist corrosion
 D - the ring "Suyshoac" {rC+ Will- MP+9 Int+6}
   (You found it on level 3 of the Tomb of the Ancients)

   [ring of intelligence]

   Int:       It affects your intelligence (+6).
   rC:        It protects you from cold.
   MP:        It affects your magic capacity (+9).
   Will:      It decreases your willpower.
 L - the ring of Ytan {rF+ Dex+4}
   (You found it on level 3 of the Tomb of the Ancients)

   [ring of protection from fire]

   Dex:       It affects your dexterity (+4).
   rF:        It protects you from fire.
 Q - a ring of fire
 S - a ring of resist corrosion
 T - the ring "Tedoi" (left hand) {Wiz Str+4 Int+4 Slay+3}
   (You found it on level 3 of the Tomb of the Ancients)

   [ring of wizardry]

   It improves your spell success rate.
   Str:       It affects your strength (+4).
   Int:       It affects your intelligence (+4).
   Slay:      It affects your accuracy & damage with ranged weapons and melee
   (+3).
Wands
 E - a wand of digging (27)
Scrolls
 c - 9 scrolls of identify
 s - 6 scrolls of enchant weapon
 F - 11 scrolls of enchant armour
 M - 4 scrolls of brand weapon
Potions
 a - 3 potions of mutation
 b - 6 potions of lignification
 d - 6 potions of might
 n - 25 potions of curing
 o - 8 potions of magic
 v - a potion of resistance
 z - 10 potions of attraction
 C - a potion of cancellation

Dungeon Overview and Level Annotations

Branches:
Dungeon (15/15)            Temple (1/1) D:5            Lair (5/5) D:9
  Swamp (4/4) Lair:2        Snake (4/4) Lair:2        Slime (5/5) Lair:5
    Orc (2/2) D:12            Elf (0/3) Orc:2        Vaults (5/5) D:13
  Crypt (3/3) Vaults:2       Tomb (3/3) Crypt:3      Depths (4/4) D:15
    Zot (4/5) Depths:4    Gauntlet (visited)

Altars:
Ashenzari
Cheibriados
Dithmenos
Elyvilon
Fedhas
Gozag
Hepliaklqana
Kikubaaqudgha
Makhleb
Nemelex Xobeh
Okawaru
Qazlal
Ru
Sif Muna
Trog
Uskayaw
Vehumet
Wu Jian
Xom
Yredelemnul
Zin
The Shining One
Lugonu

Shops:
D:4 [   D:12 [   Orc:2 *:[(   Snake:3 :   Vaults:3 *   Vaults:4 [   Vaults:5 *

Portals:
Hell: Depths:1 Depths:2 Depths:3 Depths:4
Abyss: Depths:3 Depths:4
Pandemonium: Depths:2
Ziggurat: Depths:2
Trove: Vaults:1 (give +4 fire dragon scales)

Annotations:
Lair:4 1 runed translucent door, Ceyroiss's ghost, journeyman HuWn
Lair:5 3 runed translucent doors, Zimaveycw's ghost, journeyman OpFi
Snake:2 1 runed translucent door
Zot:2 2 transporters, Emnejil's ghost, master VSBe


Message History

The Shining One protects you from harm!
A very large slime creature splits.
You block the slime creature's attack.
Two slime creatures merge to form an enormous slime creature.
You chop the slime creature into pieces!!!
You kill the slime creature!
You completely miss the enormous slime creature.
You slash the slime creature!
You are splashed with acid!
Your surroundings suddenly seem different.
Your daeva calls down the wrath of the Shining One upon the azure jelly.
The azure jelly is smitten.
The azure jelly hits your daeva but does no damage.
The azure jelly hits your daeva. The azure jelly freezes your daeva!!
Your daeva blocks the azure jelly's attack. x2
64215 ||| READING scroll of teleportation.
As you read the scroll of teleportation, it crumbles to dust.
You feel strangely unstable. The azure jelly hits your daeva.
The azure jelly freezes your daeva!
The azure jelly hits your daeva but does no damage.
Your daeva blocks the azure jelly's attack.
The azure jelly hits your daeva.
Your daeva calls down the wrath of the Shining One upon the azure jelly.
The azure jelly is smitten.
The acid blob spits acid at you.
The splash of acid hits you but does no damage.
The acid corrodes you!
Your daeva blocks the azure jelly's attack. x2
The azure jelly hits your daeva.
The azure jelly closely misses your daeva.
Your daeva barely misses the azure jelly.
Your daeva completely misses the azure jelly.
Your surroundings suddenly seem different.
A great orb of eyes comes into view.
Enter note:
64218 ||| INVOKING Summon Divine Warrior.
You are momentarily dazzled by a brilliant light.
An acid blob comes into view.
The acid blob spits acid at you. The splash of acid hits you! You resist.
You die... ... ......# ... ........### ... ..........## ... ...........## .J. ............### JA.

..............#
...
..............#
...
..J...........#
...
.J.....@......#
...
..............#
#.#
.....GA.........
.................
.................
#................
##........J.....
#.............


You could see 2 acid blobs, a great orb of eyes (ally target), a quicksilver
ooze and a friendly angel (summoned).

Vanquished Creatures
  Cerebov (Pan)
  Gloorx Vloq (Pan)
  Mnoleg (Pan)
  A dread lich (Vaults:4)
  2 orbs of fire (Zot:3)
  3 juggernauts
  Mennas (Tomb:3)
  2 pandemonium lords (Pan)
  18 royal mummies
  A curse toe (Zot:4)
  Saint Roka (Vaults:4)
  Vashnia (Snake:4)
  2 caustic shrikes
  Xtahua (Vaults:3)
  8 golden dragons
  3 bone dragons
  5 doom hounds
  3 electric golems
  6 Brimstone Fiends (Pan)
  5 Ice Fiends (Pan)
  A walking crystal tome (Depths:4)
  10 tentacled monstrosities
  Jorgrun (Swamp:1)
  5 liches
  4 Hell Sentinels (Pan)
  21 titans
  Grunn (Depths:4)
  A walking divine tome (Depths:1)
  10 deep elf blademasters
  4 quicksilver dragons
  3 deep elf master archers
  17 acid blobs
  14 sphinxes
  5 death cobs
  20 Executioners (Pan)
  7 ancient champions
  8 shadow dragons
  Kirke (Swamp:4)
  Roxanne (Swamp:1)
  7 revenants
  10 storm dragons
  8 tengu reavers
  12 draconian monks
  6 azure jellies
  8 rockslimes
  A fenstrider witch (Swamp:4)
  A demonspawn warmonger (Pan)
  Donald (Swamp:2)
  23 frost giants
  4 nagarajas (Snake:4)
  20 fire giants
  3 draconian knights
  2 iron dragons
  Aizul (Snake:1)
  17 vault wardens
  An emperor scorpion (D:15)
  21 balrugs
  12 cacodemons (Pan)
  Louise (D:15)
  4 curse skulls
  An orc warlord (Vaults:3)
  2 ghost moths
  A spectral caustic shrike (Depths:3)
  2 juggernaut zombies
  5 draconian scorchers
  5 ghouls (Crypt:1)
  2 demonspawn corrupters (Pan)
  8 draconian shifters
  3 reapers (Pan)
  3 spriggan defenders (Depths:2)
  2 demonspawn blood saints (Pan)
  7 quicksilver oozes
  7 draconian annihilators
  12 ironbound preservers
  3 draconian stormcallers
  5 war gargoyles
  27 stone giants
  A caustic shrike skeleton (Crypt:2)
  36 very ugly things
  2 bennus (Tomb:3)
  8 green draconians
  A demonspawn black sun (Pan)
  10 vampire knights
  7 ironbound thunderhulks
  A minotaur (Gauntlet)
  19 black draconians
  9 red draconians
  3 putrid mouths
  8 bunyips
  5 lorocyprocas (Pan)
  10 purple draconians
  11 yellow draconians
  9 white draconians
  7 dire elephants
  3 deep elf annihilators
  4 eleionomae
  3 spark wasps
  28 mummy priests
  7 blizzard demons (Pan)
  11 ettins
  6 eidola
  18 green deaths
  13 yaktaur captains
  Josephine (D:10)
  2 merfolk impalers (Depths:4)
  6 deep elf death magi
  2 spectral golden dragons (Depths:3)
  5 fire dragons
  12 jiangshi
  A shambling mangrove (Swamp:1)
  Fannar (D:11)
  2 spriggan zombies
  3 deep elf high priests
  2 entropy weavers
  A salamander tyrant (Snake:4)
  A spectral shadow dragon (Depths:3)
  Harold (D:9)
  36 vault guards
  13 great orbs of eyes
  5 rakshasas
  8 ice dragons
  6 hell beasts
  2 spriggan air magi
  2 juggernaut simulacra (Depths:3)
  10 ironbound frosthearts
  9 anacondas
  17 hydras
  2 caustic shrike simulacra (Depths:3)
  A catoblepas (D:14)
  A fenstrider witch skeleton (Crypt:3)
  2 centaur warriors
  11 alligators
  A dancing weapon (Zot:1)
  2 spriggan skeletons
  A spectral fire giant (Depths:3)
  6 two-headed ogres
  A spectral frost giant (Depths:3)
  40 death scarabs
  4 boulder beetles
  10 deep troll shamans
  2 titan zombies (Crypt:1)
  7 naga warriors
  10 vampire magi
  An Orb Guardian skeleton (Crypt:1)
  8 deep troll earth magi
  4 orc high priests (Orc:2)
  4 tengu warriors
  A storm dragon zombie (Crypt:1)
  6 deep elf knights
  10 shock serpents
  10 spriggan berserkers
  A titan skeleton (Pan)
  23 naga sharpshooters
  19 hell knights
  54 sun demons (Pan)
  Amaemon (D:9)
  10 iron trolls
  21 soul eaters (Pan)
  2 salamander mystics
  8 skeletal warriors
  35 deep trolls
  12 shadow wraiths
  19 sixfirhies
  5 flayed ghosts
  5 shadow demons (Pan)
  7 goliath frogs
  7 glowing orange brains
  6 spriggan druids
  A sea snake (Snake:2)
  10 bog bodies
  9 swamp dragons
  A spectral hydra (Gauntlet)
  A tengu zombie (Crypt:1)
  21 ironbound convokers
  A shadow dragon zombie (Crypt:3)
  7 naga ritualists
  8 wizards
  4 deep elf pyromancers
  11 lindwurms
  An anaconda skeleton (Pan)
  4 deep elf archers
  5 orc knights
  4 harpies (Vaults:1)
  5 necromancers
  2 sphinx skeletons (Depths:3)
  9 phantasmal warriors
  A deep elf zephyrmancer (Tomb:1)
  An orc sorcerer (Orc:2)
  10 mana vipers
  A fire giant zombie (Crypt:3)
  A shadow dragon skeleton (Depths:3)
  A wolf spider (Lair:1)
  38 ugly things
  4 oklob plants (Lair:5)
  5 manticores
  4 cyclopes
  5 will-o-the-wisps
  25 moths of wrath
  A moth of wrath (shapeshifter) (Depths:2)
  2 shining eyes (Slime:1)
  15 elephants
  4 rust devils (Pan)
  12 salamanders
  3 frost giant skeletons
  6 naga magi
  6 guardian serpents
  2 eyes of devastation (Slime:5)
  19 vault sentinels
  23 smoke demons (Pan)
  33 black mambas
  An elephant (shapeshifter) (Vaults:5)
  3 orc zombies
  16 cane toads
  2 gargoyles
  Maggie (D:9)
  19 orange demons
  An unseen horror zombie (Crypt:2)
  An alligator snapping turtle zombie (Crypt:2)
  A centaur skeleton (Crypt:2)
  11 efreet
  2 unseen horrors
  5 hellions (Pan)
  2 rime drakes (Lair:1)
  2 ice devils (Pan)
  23 yaktaurs
  3 freezing wraiths
  13 komodo dragons
  2 tengu conjurers
  5 tormentors
  5 demonic crawlers (Pan)
  2 kobold demonologists
  64 guardian mummies
  A yellow draconian skeleton (Crypt:2)
  An unseen horror skeleton (Crypt:1)
  A merfolk (D:15)
  A bloated husk (Swamp:1)
  12 hellwings (Pan)
  12 wind drakes (Pan)
  5 trolls
  3 meliai (D:15)
  7 red devils
  A tarantella (shapeshifter) (D:14)
  2 wolf spider simulacra
  16 hornets
  3 polar bears (Lair:5)
  A harpy zombie (Crypt:2)
  72 slime creatures
  A blink frog (shapeshifter) (D:15)
  12 tyrant leeches
  3 harpy skeletons
  2 raiju (Zot:1)
  A radroach zombie (Crypt:1)
  23 blink frogs
  7 dream sheep (Lair:4)
  3 ettin skeletons
  A death drake skeleton (Crypt:2)
  17 spriggans
  21 flying skulls
  2 wyverns
  4 shadows
  16 wraiths
  2 centaur simulacra
  2 vampires
  4 water elementals
  27 ynoxinuls (Pan)
  22 ushabtiu
  A wyvern (shapeshifter) (Vaults:5)
  29 large abominations
  A spriggan (shapeshifter) (Vaults:2)
  5 hogs (Swamp:4)
  A black mamba skeleton (Pan)
  5 golden eyes (Slime:4)
  A human (Swamp:4)
  A yak (shapeshifter) (D:14)
  A small abomination (Swamp:4)
  34 yaks
  17 neqoxecs (Pan)
  19 chaos spawn (Pan)
  13 vampire mosquitoes
  A redback (Vaults:2)
  2 steam dragons
  39 nagas
  5 wargs
  16 water moccasins
  17 swamp worms
  2 acid dragons
  A floating eye (shapeshifter) (Depths:4)
  A hell hound (Gauntlet)
  A spectral torpor snail (Gauntlet)
  23 orc warriors
  A glowing shapeshifter skeleton (Depths:3)
  A sky beast (D:7)
  3 swamp drakes
  A two-headed ogre skeleton (Crypt:2)
  2 black bears
  5 ogres
  23 wolves
  3 centaurs
  A phantom (D:4)
  A hog skeleton (Crypt:1)
  7 kobold brigands
  17 bullfrogs
  2 necrophages
  3 gnoll sergeants
  8 wights
  A shapeshifter zombie (Crypt:2)
  10 killer bees
  3 electric eels
  7 howler monkeys
  3 hounds
  A jelly (D:4)
  A gnoll bouda (D:8)
  28 orc priests
  5 iguanas
  25 orc wizards
  5 lightning spires (Zot:1)
  3 naga zombies
  37 mummies
  20 gnolls
  An adder (D:2)
  2 shadow imps
  A steam dragon skeleton (Crypt:1)
  4 white imps
  3 worms
  3 dart slugs
  62 orcs
  3 bats
  7 endoplasms
  3 giant cockroaches
  3 goblins (D:3)
  9 hobgoblins
  2 jackals (D:1)
  3 quokkas
  5 ball pythons
  A ball python skeleton (Crypt:1)
  A ball python zombie (Crypt:3)
  4 frilled lizards
  31 kobolds
  A quokka skeleton (Crypt:2)
  7 rats
  2 ball lightnings (Pan)
  2 bushes (Lair:5)
2667 creatures vanquished.

Vanquished Creatures (collateral kills)
  the Royal Jelly (Slime:5)
  Lom Lobon (Pan)
  4 pandemonium lords (Pan)
  12 royal mummies
  3 liches
  3 Hell Sentinels (Pan)
  2 deep elf blademasters
  3 titans
  3 acid blobs
  An Executioner (Pan)
  2 ancient champions (Crypt:3)
  A sphinx (Crypt:3)
  A revenant (Tomb:1)
  2 rockslimes (Slime:5)
  A frost giant (Pan)
  An azure jelly (Slime:5)
  2 fire giants
  3 cacodemons (Pan)
  3 balrugs (Pan)
  A draconian annihilator (Pan)
  A demonspawn corrupter (Pan)
  A demonspawn blood saint (Pan)
  A quicksilver ooze (Slime:5)
  A stone giant (Crypt:3)
  A demonspawn black sun (Pan)
  A deep elf annihilator (Pan)
  A black draconian (Crypt:3)
  A blizzard demon (Pan)
  8 mummy priests
  A green death (Pan)
  2 rakshasas (Pan)
  A spriggan air mage (Pan)
  2 spriggan skeletons
  5 death scarabs
  A soul eater (Pan)
  5 sun demons (Pan)
  2 deep elf knights
  A sixfirhy (Pan)
  A storm dragon zombie (Crypt:3)
  6 skeletal warriors
  2 flayed ghosts (Crypt:3)
  3 bog bodies (Crypt:3)
  4 deep elf archers
  2 wizards (Pan)
  2 deep elf zephyrmancers (Tomb:3)
  2 shining eyes
  10 smoke demons (Pan)
  An eye of devastation (Slime:5)
  An iron dragon skeleton (Crypt:3)
  2 orange demons (Pan)
  A death yak zombie (Crypt:3)
  2 hellwings (Pan)
  28 guardian mummies
  A red devil (Pan)
  4 slime creatures
  2 wind drakes (Pan)
  A flying skull (Tomb:2)
  7 ynoxinuls (Pan)
  7 ushabtiu
  A neqoxec (Pan)
  2 chaos spawn (Pan)
  2 large abominations (Pan)
  A merfolk skeleton (Crypt:3)
  A swamp dragon skeleton (Tomb:2)
  16 mummies
198 creatures vanquished.

Vanquished Creatures (others)
  2 titans (Pan)
  A lich (Pan)
  An eldritch tentacle (Pan)
  A storm dragon (Zot:1)
  A draconian knight (Zot:4)
  A stone giant (Depths:2)
  A black draconian (Zot:1)
  A spark wasp (Zot:1)
  A deep elf death mage (Crypt:1)
  An alligator (Swamp:4)
  A deep troll (Depths:3)
  A wizard (Pan)
  A necromancer (Crypt:1)
  2 smoke demons (Pan)
  A hellwing (Pan)
  2 bloated husks
  2 wind drakes (Pan)
  A raiju (Zot:1)
  A ynoxinul (Pan)
  An orc wizard (Orc:2)
  A kobold (D:10)
  17 ball lightnings
  2 foxfires (Swamp:2)
  43 fungi
  88 plants
175 creatures vanquished.

Grand Total: 3040 creatures vanquished

Notes
Turn   | Place    | Note
-------+----------+-------------------------------------------
     0 | D:1      | qw the Gargoyle Fighter began the quest for the Orb.
     0 | D:1      | Reached XP level 1. HP: 14/14 MP: 1/1
     0 | D:1      | 0 ||| qw: Version: 0.2-a-10-g399e6c4
     0 | D:1      | 0 ||| qw: Game counter: 127
     0 | D:1      | 0 ||| qw: Always use a shield: true
     0 | D:1      | 0 ||| qw: God list: Okawaru
     0 | D:1      | 0 ||| qw: Allow faded altars: false
     0 | D:1      | 0 ||| qw: Do Orc after D:15 true
     0 | D:1      | 0 ||| qw: Do second Lair branch before Depths: true
     0 | D:1      | 0 ||| qw: Lair rune preference: random
     0 | D:1      | 0 ||| qw: Plans: Normal, Zot:1-4, God:TSO, Crypt, Tomb,
                  | Pan, Slime:5, Hells, Abyss, Orb
     0 | D:1      | 0 ||| PLANNING D:1-11
   407 | D:1      | Reached XP level 2. HP: 18/19 MP: 2/2
  1042 | D:1      | 1042 ||| UPGRADING to +0 cloak.
  1047 | D:1      | 1047 ||| UPGRADING to +0 pair of boots.
  1052 | D:1      | 1052 ||| READING scroll labelled MULLYR JUYF.
  1053 | D:1      | 1053 ||| READING scroll labelled BOVOET KEDAIDD.
  1054 | D:1      | 1054 ||| READING scroll labelled DUITUI ALOA.
  1055 | D:1      | 1055 ||| READING scroll labelled PIOFREEVVA.
  1145 | D:2      | 1145 ||| FLEEEEING.
  1155 | D:2      | Reached skill level 3 in Axes
  1299 | D:2      | Reached XP level 3. HP: 23/23 MP: 3/3
  1315 | D:2      | Found a faded altar of an unknown god.
  1935 | D:2      | 1935 ||| UPGRADING to +0 kite shield.
  1945 | D:2      | 1945 ||| DROPPING +0 buckler.
  1946 | D:2      | 1946 ||| UPGRADING to +0 helmet.
  1951 | D:2      | 1951 ||| READING scroll labelled HEUMY TIKAUR.
  1955 | D:2      | 1955 ||| READING scroll labelled SIENIA WIATE.
  1971 | D:3      | 1971 ||| STAIRDANCE
  1986 | D:3      | 1986 ||| READING scroll of enchant weapon.
  1986 | D:3      | 1986 ||| ENCHANTING +1 war axe.
  2034 | D:3      | You fall into a shaft and drop 2 floors!
  2034 | D:5      | Entered Level 5 of the Dungeon
  2034 | D:5      | Found a staircase to the Ecumenical Temple.
  2035 | D:5      | 2035 ||| PLANNING TEMPLE
  2035 | D:5      | 2035 ||| READING scroll labelled TAQIQO PI IXOCLUEM.
  2039 | Temple   | Entered the Ecumenical Temple
  2040 | Temple   | 2040 ||| PLANNING OKAWARU WORSHIP
  2082 | Temple   | Became a worshipper of Warmaster Okawaru
  2083 | Temple   | 2083 ||| PLANNING D:1-11
  2107 | D:5      | Noticed a centaur
  2108 | D:5      | 2108 ||| Stepping ~*~*~tactically~*~*~ (hiding).
  2114 | D:5      | Killed a centaur
  2115 | D:5      | Reached XP level 4. HP: 14/28 MP: 4/4
  2115 | D:5      | Reached XP level 5. HP: 16/32 MP: 5/5
  2306 | D:4      | 2306 ||| Stepping ~*~*~tactically~*~*~ (stealth).
  2308 | D:4      | 2308 ||| Stepping ~*~*~tactically~*~*~ (stealth).
  2315 | D:4      | Found Vequvais's Antique Armour Emporium.
  2349 | D:4      | 2349 ||| Stepping ~*~*~tactically~*~*~ (stealth).
  2391 | D:4      | 2391 ||| Stepping ~*~*~tactically~*~*~ (hiding).
  2521 | D:4      | 2521 ||| READING scroll labelled UFIVEC WUOKHLE.
  2522 | D:4      | 2522 ||| READING scroll labelled GUIPHI VUEKH.
  2523 | D:4      | 2523 ||| READING 2 scrolls of identify.
  2523 | D:4      | 2523 ||| IDENTIFYING fizzy blue potion
  2531 | D:4      | Noticed a black bear
  2545 | D:4      | Killed a black bear
  2546 | D:4      | Reached XP level 6. HP: 25/37 MP: 6/6
  2578 | D:4      | 2578 ||| FLEEEEING.
  2579 | D:4      | 2579 ||| FLEEEEING.
  2580 | D:4      | 2580 ||| STAIRDANCE
  2755 | D:3      | Found a shimmering altar of Xom.
  2756 | D:3      | Found a hazy altar of Hepliaklqana.
  2757 | D:3      | Noticed a spectral ugly thing
  2815 | D:3      | 2815 ||| Stepping ~*~*~tactically~*~*~ (hiding).
  2817 | D:3      | 2817 ||| Stepping ~*~*~tactically~*~*~ (hiding).
  2918 | D:3      | 2918 ||| Stepping ~*~*~tactically~*~*~ (stealth).
  3091 | D:3      | 3091 ||| DRINKING 3 lumpy puce potions.
  3092 | D:3      | 3092 ||| DRINKING 2 blue potions.
  3197 | D:3      | 3197 ||| READING 2 scrolls of identify.
  3197 | D:3      | 3197 ||| IDENTIFYING metallic sapphire potion
  3198 | D:3      | 3198 ||| DROPPING potion of berserk rage.
  3231 | D:4      | 3231 ||| DROPPING +0 whip.
  3279 | D:4      | 3279 ||| READING scroll of enchant weapon.
  3279 | D:4      | 3279 ||| ENCHANTING +2 war axe.
  3300 | D:4      | Reached * piety under Okawaru
  3438 | D:4      | Reached skill level 1 in Invocations
  3576 | D:4      | 3576 ||| INVOKING Heroism.
  3729 | D:4      | Found a shadowy altar of Dithmenos.
  3847 | D:4      | 3847 ||| UPGRADING to amulet of regeneration.
  3870 | D:5      | Found an ornate altar of the Wu Jian Council.
  3893 | D:5      | 3893 ||| Stepping ~*~*~tactically~*~*~ (stealth).
  3916 | D:5      | 3916 ||| INVOKING Heroism.
  3923 | D:5      | Reached XP level 7. HP: 42/42 MP: 5/8
  3949 | D:5      | 3949 ||| Stepping ~*~*~tactically~*~*~ (stealth).
  3957 | D:5      | 3957 ||| Stepping ~*~*~tactically~*~*~ (stealth).
  3958 | D:5      | 3958 ||| Stepping ~*~*~tactically~*~*~ (stealth).
  3964 | D:5      | 3964 ||| DROPPING +0 flail.
  3974 | D:5      | 3974 ||| Stepping ~*~*~tactically~*~*~ (stealth).
  3979 | D:5      | 3979 ||| Stepping ~*~*~tactically~*~*~ (stealth).
  3983 | D:5      | 3983 ||| INVOKING Heroism.
  3985 | D:5      | Reached skill level 1 in Dodging
  3985 | D:5      | Reached skill level 3 in Invocations
  4002 | D:5      | 4002 ||| READING scroll of enchant armour.
  4002 | D:5      | 4002 ||| ENCHANTING +0 helmet.
  4055 | D:5      | 4055 ||| INVOKING Heroism.
  4104 | D:5      | 4104 ||| INVOKING Heroism.
  4711 | D:6      | 4711 ||| READING scroll of enchant weapon.
  4711 | D:6      | 4711 ||| ENCHANTING +3 war axe.
  4771 | D:6      | 4771 ||| INVOKING Heroism.
  4794 | D:6      | 4794 ||| INVOKING Heroism.
  5033 | D:6      | 5033 ||| INVOKING Heroism.
  5045 | D:6      | 5045 ||| INVOKING Heroism.
  5135 | D:6      | 5135 ||| DROPPING +1 leather armour of fire resistance.
  5136 | D:6      | 5136 ||| UPGRADING to +0 chain mail.
  5146 | D:6      | 5146 ||| DROPPING +0 scale mail.
  5147 | D:6      | 5147 ||| UPGRADING to ring of willpower.
  5148 | D:6      | 5148 ||| UPGRADING to ring of positive energy.
  5149 | D:6      | 5149 ||| DRINKING 2 murky cyan potions.
  5170 | D:7      | 5170 ||| INVOKING Heroism.
  5171 | D:7      | 5171 ||| STAIRDANCE
  5174 | D:6      | Reached XP level 8. HP: 48/48 MP: 8/11
  5199 | D:7      | 5199 ||| STAIRDANCE
  5207 | D:6      | 5207 ||| INVOKING Heroism.
  5210 | D:6      | Reached skill level 6 in Axes
  5258 | D:7      | Reached skill level 6 in Shields
  5313 | D:7      | 5313 ||| Stepping ~*~*~tactically~*~*~ (stealth).
  5315 | D:7      | 5315 ||| Stepping ~*~*~tactically~*~*~ (hiding).
  5319 | D:7      | 5319 ||| Stepping ~*~*~tactically~*~*~ (hiding).
  5320 | D:7      | 5320 ||| Stepping ~*~*~tactically~*~*~ (hiding).
  5323 | D:7      | 5323 ||| INVOKING Heroism.
  5556 | D:7      | 5556 ||| INVOKING Heroism.
  5558 | D:7      | 5558 ||| Stepping ~*~*~tactically~*~*~ (cloud).
  5697 | D:7      | 5697 ||| INVOKING Heroism.
  5811 | D:7      | Noticed a hornet
  5815 | D:7      | 5815 ||| INVOKING Heroism.
  5822 | D:7      | Killed a hornet
  5822 | D:7      | Reached ** piety under Okawaru
  5823 | D:7      | Reached XP level 9. HP: 25/54 MP: 9/12
  5854 | D:7      | 5854 ||| INVOKING Heroism.
  5979 | D:7      | Reached skill level 1 in Throwing
  6134 | D:7      | 6134 ||| UPGRADING to +1 pair of boots of rampaging.
  6144 | D:7      | 6144 ||| DROPPING +0 pair of boots.
  6145 | D:7      | 6145 ||| DRINKING 2 fizzy clear potions.
  6146 | D:7      | 6146 ||| DROPPING potion of degeneration.
  6261 | D:8      | 6261 ||| INVOKING Heroism.
  6476 | D:8      | Found a blossoming altar of Fedhas.
  6486 | D:8      | 6486 ||| Stepping ~*~*~tactically~*~*~ (stealth).
  6489 | D:8      | 6489 ||| INVOKING Heroism.
  6505 | D:8      | 6505 ||| Stepping ~*~*~tactically~*~*~ (stealth).
  6539 | D:8      | Reached skill level 6 in Fighting
  6553 | D:8      | 6553 ||| INVOKING Heroism.
  6603 | D:8      | 6603 ||| INVOKING Heroism.
  6607 | D:8      | 6607 ||| Stepping ~*~*~tactically~*~*~ (cloud).
  6714 | D:8      | 6714 ||| INVOKING Heroism.
  6724 | D:8      | Reached *** piety under Okawaru
  6733 | D:8      | Reached XP level 10. HP: 60/60 MP: 13/13
  6738 | D:8      | Reached skill level 9 in Axes
  6920 | D:8      | 6920 ||| UPGRADING to +0 plate armour.
  6930 | D:8      | 6930 ||| DROPPING +0 chain mail.
  6931 | D:8      | 6931 ||| DROPPING +4 ring mail.
  6932 | D:8      | 6932 ||| DRINKING 2 lumpy emerald potions.
  6933 | D:8      | 6933 ||| DROPPING potion of flight.
  6957 | D:9      | Found a shimmering blue altar of Sif Muna.
  6962 | D:9      | Noticed Harold
  6963 | D:9      | 6963 ||| Stepping ~*~*~tactically~*~*~ (hiding).
  6965 | D:9      | 6965 ||| INVOKING Heroism.
  6978 | D:9      | Killed Harold
  6979 | D:9      | Reached skill level 6 in Armour
  7002 | D:9      | 7002 ||| Stepping ~*~*~tactically~*~*~ (hiding).
  7152 | D:9      | Found a radiant altar of Vehumet.
  7153 | D:9      | Found a hide-covered altar of Uskayaw.
  7167 | D:9      | 7167 ||| DROPPING +0 morningstar.
  7170 | D:9      | Found a hazy altar of Hepliaklqana.
  7170 | D:9      | Found an ornate altar of the Wu Jian Council.
  7179 | D:9      | 7179 ||| Stepping ~*~*~tactically~*~*~ (stealth).
  7180 | D:9      | 7180 ||| INVOKING Heroism.
  7186 | D:9      | 7186 ||| Stepping ~*~*~tactically~*~*~ (stealth).
  7198 | D:9      | 7198 ||| INVOKING Heroism.
  7222 | D:9      | Reached **** piety under Okawaru
  7252 | D:9      | Noticed a two-headed ogre
  7253 | D:9      | 7253 ||| INVOKING Heroism.
  7270 | D:9      | Killed a two-headed ogre
  7288 | D:9      | Noticed a boulder beetle
  7289 | D:9      | 7289 ||| INVOKING Heroism.
  7301 | D:9      | Killed a boulder beetle
  7302 | D:9      | Reached skill level 9 in Shields
  7360 | D:9      | Noticed a manticore
  7362 | D:9      | 7362 ||| INVOKING Heroism.
  7369 | D:9      | Killed a manticore
  7370 | D:9      | Reached skill level 6 in Invocations
  7442 | D:9      | Found a staircase to the Lair.
  7467 | D:9      | Found a snail-covered altar of Cheibriados.
  7474 | D:9      | Noticed Amaemon
  7474 | D:9      | Noticed an orange demon
  7475 | D:9      | 7475 ||| INVOKING Heroism.
  7490 | D:9      | Killed Amaemon
  7490 | D:9      | Reached ***** piety under Okawaru
  7491 | D:9      | Reached XP level 11. HP: 67/67 MP: 14/16
  7507 | D:9      | 7507 ||| DROPPING +4 morningstar.
  7553 | D:9      | 7553 ||| Stepping ~*~*~tactically~*~*~ (hiding).
  7566 | D:9      | 7566 ||| INVOKING Heroism.
  7570 | D:9      | 7570 ||| READING 3 scrolls of teleportation.
  7575 | D:9      | Found a sparkling altar of Nemelex Xobeh.
  7616 | D:9      | Found an ancient bone altar of Kikubaaqudgha.
  7619 | D:9      | Found a broken altar of Ashenzari.
  7736 | D:9      | Found an opulent altar of Gozag.
  7759 | D:9      | Identified the +6 great sword of the Seer {pain, Will+
                  | Str+4 Int-2}
  7771 | D:9      | Noticed Maggie
  7772 | D:9      | 7772 ||| FLEEEEING.
  7773 | D:9      | 7773 ||| FLEEEEING.
  7775 | D:9      | 7775 ||| FLEEEEING.
  7776 | D:9      | 7776 ||| FLEEEEING.
  7777 | D:9      | 7777 ||| FLEEEEING.
  7794 | D:9      | Killed Maggie
  7811 | D:9      | 7811 ||| DROPPING +0 demon whip of venom.
  7859 | D:9      | 7859 ||| PLANNING LAIR
  7859 | D:9      | 7859 ||| UPGRADING to ring of resist corrosion.
  7861 | D:9      | 7861 ||| DROPPING ring of magical power.
  7862 | D:9      | 7862 ||| READING scroll labelled ITSEZ ZUSU GOIRR.
  7863 | D:9      | 7863 ||| READING 3 scrolls of identify.
  7863 | D:9      | 7863 ||| IDENTIFYING murky grey potion
  7864 | D:9      | 7864 ||| READING 2 scrolls of identify.
  7864 | D:9      | 7864 ||| IDENTIFYING clear potion
  7913 | Lair:1   | Entered Level 1 of the Lair of Beasts
  7918 | Lair:1   | 7918 ||| Stepping ~*~*~tactically~*~*~ (hiding).
  7919 | Lair:1   | 7919 ||| Stepping ~*~*~tactically~*~*~ (hiding).
  7924 | Lair:1   | 7924 ||| INVOKING Heroism.
  8051 | Lair:1   | 8051 ||| INVOKING Heroism.
  8053 | Lair:1   | 8053 ||| Stepping ~*~*~tactically~*~*~ (stealth).
  8055 | Lair:1   | 8055 ||| Stepping ~*~*~tactically~*~*~ (stealth).
  8073 | Lair:1   | Received a gift from Okawaru
  8080 | Lair:1   | 8080 ||| SWAPPING to +2 broad axe of freezing.
  8081 | Lair:1   | 8081 ||| Stepping ~*~*~tactically~*~*~ (stealth).
  8082 | Lair:1   | 8082 ||| DROPPING +4 vorpal war axe.
  8115 | Lair:1   | 8115 ||| Stepping ~*~*~tactically~*~*~ (stealth).
  8117 | Lair:1   | 8117 ||| Stepping ~*~*~tactically~*~*~ (stealth).
  8122 | Lair:1   | 8122 ||| INVOKING Heroism.
  8129 | Lair:1   | Noticed a wolf spider
  8136 | Lair:1   | Killed a wolf spider
  8140 | Lair:1   | Reached skill level 9 in Invocations
  8327 | Lair:1   | 8327 ||| Stepping ~*~*~tactically~*~*~ (stealth).
  8329 | Lair:1   | 8329 ||| INVOKING Heroism.
  8479 | Lair:1   | 8479 ||| INVOKING Heroism.
  8788 | Lair:1   | 8788 ||| READING 2 scrolls of identify.
  8788 | Lair:1   | 8788 ||| IDENTIFYING bubbling yellow potion
  8789 | Lair:1   | 8789 ||| DROPPING potion of brilliance.
  8804 | Lair:2   | Found a shadowy altar of Dithmenos.
  8852 | Lair:2   | 8852 ||| READING scroll of enchant weapon.
  8852 | Lair:2   | 8852 ||| ENCHANTING +2 broad axe of freezing.
  8875 | Lair:2   | 8875 ||| INVOKING Heroism.
  8889 | Lair:2   | Found a staircase to the Swamp.
  8910 | Lair:2   | 8910 ||| Stepping ~*~*~tactically~*~*~ (hiding).
  8911 | Lair:2   | 8911 ||| Stepping ~*~*~tactically~*~*~ (hiding).
  8912 | Lair:2   | 8912 ||| Stepping ~*~*~tactically~*~*~ (stealth).
  8913 | Lair:2   | 8913 ||| Stepping ~*~*~tactically~*~*~ (hiding).
  8936 | Lair:2   | 8936 ||| Stepping ~*~*~tactically~*~*~ (stealth).
  8945 | Lair:2   | 8945 ||| INVOKING Heroism.
  8951 | Lair:2   | Reached XP level 12. HP: 74/74 MP: 17/19
  8991 | Lair:2   | 8991 ||| Stepping ~*~*~tactically~*~*~ (hiding).
  8994 | Lair:2   | 8994 ||| INVOKING Heroism.
  9011 | Lair:2   | Received a gift from Okawaru
  9032 | Lair:2   | 9032 ||| Stepping ~*~*~tactically~*~*~ (hiding).
  9052 | Lair:2   | Found a staircase to the Snake Pit.
  9063 | Lair:2   | 9063 ||| INVOKING Heroism.
  9069 | Lair:2   | 9069 ||| Stepping ~*~*~tactically~*~*~ (stealth).
  9072 | Lair:2   | 9072 ||| Stepping ~*~*~tactically~*~*~ (stealth).
  9076 | Lair:2   | 9076 ||| Stepping ~*~*~tactically~*~*~ (stealth).
  9105 | Lair:2   | Found a dark tunnel.
  9169 | Lair:2   | 9169 ||| Stepping ~*~*~tactically~*~*~ (stealth).
  9171 | Lair:2   | 9171 ||| Stepping ~*~*~tactically~*~*~ (stealth).
  9173 | Lair:2   | 9173 ||| Stepping ~*~*~tactically~*~*~ (stealth).
  9174 | Lair:2   | 9174 ||| Stepping ~*~*~tactically~*~*~ (stealth).
  9175 | Lair:2   | 9175 ||| Stepping ~*~*~tactically~*~*~ (stealth).
  9179 | Lair:2   | 9179 ||| INVOKING Heroism.
  9321 | Lair:2   | 9321 ||| Stepping ~*~*~tactically~*~*~ (stealth).
  9331 | Lair:2   | Reached skill level 9 in Fighting
  9348 | Lair:2   | 9348 ||| Stepping ~*~*~tactically~*~*~ (stealth).
  9362 | Lair:2   | 9362 ||| INVOKING Heroism.
  9402 | Lair:2   | 9402 ||| DROPPING +1 vorpal broad axe.
  9414 | Lair:2   | 9414 ||| Stepping ~*~*~tactically~*~*~ (stealth).
  9418 | Lair:2   | 9418 ||| INVOKING Heroism.
  9616 | Lair:2   | 9616 ||| Stepping ~*~*~tactically~*~*~ (stealth).
  9619 | Lair:2   | 9619 ||| Stepping ~*~*~tactically~*~*~ (stealth).
  9624 | Lair:2   | 9624 ||| Stepping ~*~*~tactically~*~*~ (stealth).
  9670 | Lair:2   | 9670 ||| UPGRADING to scarf of resistance.
  9680 | Lair:2   | 9680 ||| READING 2 scrolls of identify.
  9680 | Lair:2   | 9680 ||| IDENTIFYING amethyst potion
  9681 | Lair:2   | 9681 ||| DROPPING potion of ambrosia.
  9716 | Lair:3   | You fall into a shaft and drop 1 floor!
  9854 | Lair:3   | 9854 ||| INVOKING Heroism.
 10004 | Lair:3   | Identified the +10 war axe "Emamov" {freeze, Fragile Dex+5}
                  | (Okawaru gifted it to you on level 3 of the Lair of Beasts)
 10004 | Lair:3   | Received a gift from Okawaru
 10040 | Lair:3   | 10040 ||| INVOKING Heroism.
 10044 | Lair:3   | Reached skill level 12 in Axes
 10183 | Lair:3   | Noticed a five-headed hydra
 10184 | Lair:3   | 10184 ||| INVOKING Heroism.
 10185 | Lair:3   | 10185 ||| INVOKING Finesse.
 10186 | Lair:3   | 10186 ||| SWAPPING to +1 war axe of flaming.
 10190 | Lair:3   | Killed a two-headed hydra
 10191 | Lair:3   | 10191 ||| SWAPPING to +3 broad axe of freezing.
 10410 | Lair:3   | 10410 ||| INVOKING Heroism.
 10716 | Lair:3   | 10716 ||| READING scroll labelled LUUCUT WIED.
 10717 | Lair:3   | 10717 ||| READING 3 scrolls of identify.
 10717 | Lair:3   | 10717 ||| IDENTIFYING ruby potion
 10718 | Lair:3   | 10718 ||| READING 2 scrolls of identify.
 10718 | Lair:3   | 10718 ||| IDENTIFYING bubbling dark potion
 10897 | Lair:4   | 10897 ||| Stepping ~*~*~tactically~*~*~ (stealth).
 10901 | Lair:4   | 10901 ||| INVOKING Heroism.
 10908 | Lair:4   | Reached skill level 9 in Armour
 10918 | Lair:4   | Reached XP level 13. HP: 80/80 MP: 20/20
 11029 | Lair:4   | 11029 ||| INVOKING Heroism.
 11045 | Lair:4   | 11045 ||| Stepping ~*~*~tactically~*~*~ (stealth).
 11048 | Lair:4   | 11048 ||| Stepping ~*~*~tactically~*~*~ (stealth).
 11051 | Lair:4   | 11051 ||| Stepping ~*~*~tactically~*~*~ (stealth).
 11058 | Lair:4   | 11058 ||| Stepping ~*~*~tactically~*~*~ (stealth).
 11074 | Lair:4   | Received a gift from Okawaru
 11077 | Lair:4   | 11077 ||| INVOKING Heroism.
 11198 | Lair:4   | Identified the +6 shortbow of Silly Exoneration {vorpal,
                  | Str+3 Int+5 Dex+4}
 11209 | Lair:4   | 11209 ||| Stepping ~*~*~tactically~*~*~ (stealth).
 11210 | Lair:4   | 11210 ||| Stepping ~*~*~tactically~*~*~ (stealth).
 11213 | Lair:4   | 11213 ||| Stepping ~*~*~tactically~*~*~ (stealth).
 11214 | Lair:4   | 11214 ||| Stepping ~*~*~tactically~*~*~ (stealth).
 11220 | Lair:4   | 11220 ||| Stepping ~*~*~tactically~*~*~ (stealth).
 11235 | Lair:4   | 11235 ||| INVOKING Heroism.
 11288 | Lair:4   | 11288 ||| INVOKING Heroism.
 11289 | Lair:4   | 11289 ||| SWAPPING to +1 war axe of flaming.
 11295 | Lair:4   | 11295 ||| SWAPPING to +3 broad axe of freezing.
 11349 | Lair:4   | 11349 ||| READING scroll of enchant armour.
 11349 | Lair:4   | 11349 ||| ENCHANTING +1 helmet.
 11375 | Lair:4   | Found a runed translucent door.
 11385 | Lair:4   | Noticed Ceyroiss's ghost (journeyman HuWn)
 11434 | Lair:4   | 11434 ||| INVOKING Heroism.
 11790 | Lair:4   | 11790 ||| READING scroll labelled QUON QUFUAV.
 11900 | Lair:5   | Entered Level 5 of the Lair of Beasts
 11903 | Lair:5   | 11903 ||| INVOKING Heroism.
 11904 | Lair:5   | 11904 ||| SWAPPING to +1 war axe of flaming.
 11914 | Lair:5   | 11914 ||| SWAPPING to +3 broad axe of freezing.
 11943 | Lair:5   | 11943 ||| Stepping ~*~*~tactically~*~*~ (stealth).
 11944 | Lair:5   | 11944 ||| Stepping ~*~*~tactically~*~*~ (stealth).
 11945 | Lair:5   | 11945 ||| Stepping ~*~*~tactically~*~*~ (stealth).
 11946 | Lair:5   | 11946 ||| Stepping ~*~*~tactically~*~*~ (stealth).
 11947 | Lair:5   | 11947 ||| Stepping ~*~*~tactically~*~*~ (stealth).
 11958 | Lair:5   | 11958 ||| Stepping ~*~*~tactically~*~*~ (stealth).
 11959 | Lair:5   | 11959 ||| Stepping ~*~*~tactically~*~*~ (stealth).
 11960 | Lair:5   | 11960 ||| INVOKING Heroism.
 11968 | Lair:5   | Identified the +4 broad axe "Killer Bee's Bane" {flame, rF+
                  | Int+4} (Okawaru gifted it to you on level 5 of the Lair of
                  | Beasts)
 11968 | Lair:5   | Received a gift from Okawaru
 11981 | Lair:5   | 11981 ||| SWAPPING to +4 broad axe "Killer Bee's Bane"
                  | {flame, rF+ Int+4}.
 11982 | Lair:5   | 11982 ||| DROPPING +10 war axe "Emamov" {freeze, Fragile
                  | Dex+5}.
 11983 | Lair:5   | 11983 ||| DROPPING +1 war axe of flaming.
 11984 | Lair:5   | 11984 ||| DROPPING +3 broad axe of freezing.
 12011 | Lair:5   | 12011 ||| INVOKING Heroism.
 12051 | Lair:5   | Found a staircase to the Slime Pits.
 12084 | Lair:5   | Found a runed translucent gate.
 12084 | Lair:5   | Found a runed translucent gate.
 12084 | Lair:5   | Found a runed translucent gate.
 12098 | Lair:5   | Noticed Zimaveycw's ghost (journeyman OpFi)
 12142 | Lair:5   | 12142 ||| INVOKING Heroism.
 12146 | Lair:5   | 12146 ||| Stepping ~*~*~tactically~*~*~ (stealth).
 12191 | Lair:5   | 12191 ||| INVOKING Heroism.
 12249 | Lair:5   | 12249 ||| INVOKING Heroism.
 12250 | Lair:5   | 12250 ||| INVOKING Finesse.
 12252 | Lair:5   | Identified the +1 pair of boots "Jouq" {Drain rElec Str+10
                  | Int-4}
 12364 | Lair:5   | 12364 ||| INVOKING Heroism.
 12376 | Lair:5   | 12376 ||| Stepping ~*~*~tactically~*~*~ (water).
 12395 | Lair:5   | 12395 ||| READING 4 scrolls of teleportation.
 12396 | Lair:5   | 12396 ||| INVOKING Heroism.
 12396 | Lair:5   | HP: 21/84 [acid (4)]
 12397 | Lair:5   | 12397 ||| DRINKING 4 potions of heal wounds.
 12398 | Lair:5   | 12398 ||| READING 3 scrolls of teleportation.
 12403 | Lair:5   | 12403 ||| READING 2 scrolls of teleportation.
 12407 | Lair:5   | Gained mutation: Your large and strong wings let you fly.
                  | [Gargoyle growth]
 12407 | Lair:5   | Reached XP level 14. HP: 47/90 MP: 19/21
 12409 | Lair:5   | 12409 ||| READING scroll of teleportation.
 12443 | Lair:5   | 12443 ||| FLEEEEING.
 12444 | Lair:5   | 12444 ||| FLEEEEING.
 12445 | Lair:5   | 12445 ||| FLEEEEING.
 12447 | Lair:5   | 12447 ||| FLEEEEING.
 12455 | Lair:5   | 12455 ||| INVOKING Heroism.
 12506 | Lair:5   | 12506 ||| INVOKING Heroism.
 12561 | Lair:5   | 12561 ||| Stepping ~*~*~tactically~*~*~ (stealth).
 12562 | Lair:5   | 12562 ||| INVOKING Heroism.
 12576 | Lair:5   | 12576 ||| Stepping ~*~*~tactically~*~*~ (stealth).
 12596 | Lair:5   | 12596 ||| Stepping ~*~*~tactically~*~*~ (stealth).
 12597 | Lair:5   | 12597 ||| Stepping ~*~*~tactically~*~*~ (stealth).
 12598 | Lair:5   | 12598 ||| Stepping ~*~*~tactically~*~*~ (stealth).
 12600 | Lair:5   | 12600 ||| Stepping ~*~*~tactically~*~*~ (stealth).
 12626 | Lair:5   | 12626 ||| Stepping ~*~*~tactically~*~*~ (stealth).
 12668 | Lair:5   | Reached skill level 12 in Shields
 12810 | Lair:5   | 12810 ||| Stepping ~*~*~tactically~*~*~ (stealth).
 13032 | Lair:5   | 13032 ||| Stepping ~*~*~tactically~*~*~ (stealth).
 13086 | Lair:5   | 13086 ||| PLANNING D:1-11
 13086 | Lair:5   | 13086 ||| UPGRADING to +0 pair of gloves.
 13091 | Lair:5   | 13091 ||| DROPPING +2 hat.
 13092 | Lair:5   | 13092 ||| UPGRADING to +1 pair of boots "Jouq" {Drain rElec
                  | Str+10 Int-4}.
 13102 | Lair:5   | 13102 ||| DROPPING +1 pair of boots of rampaging.
 13188 | D:10     | Entered Level 10 of the Dungeon
 13209 | D:10     | Noticed Josephine
 13210 | D:10     | 13210 ||| INVOKING Heroism.
 13214 | D:10     | 13214 ||| Stepping ~*~*~tactically~*~*~ (hiding).
 13220 | D:10     | 13220 ||| Stepping ~*~*~tactically~*~*~ (stealth).
 13225 | D:10     | Received a gift from Okawaru
 13233 | D:10     | Killed Josephine
 13315 | D:10     | 13315 ||| Stepping ~*~*~tactically~*~*~ (stealth).
 13316 | D:10     | 13316 ||| INVOKING Heroism.
 13642 | D:10     | 13642 ||| INVOKING Heroism.
 13913 | D:10     | 13913 ||| READING scroll labelled LENWAOJ UMNULA.
 13914 | D:10     | 13914 ||| READING 7 scrolls of identify.
 13914 | D:10     | 13914 ||| IDENTIFYING white potion
 13958 | D:11     | 13958 ||| STAIRDANCE
 14155 | D:11     | 14155 ||| Stepping ~*~*~tactically~*~*~ (hiding).
 14160 | D:11     | 14160 ||| INVOKING Heroism.
 14186 | D:11     | Noticed Fannar
 14187 | D:11     | 14187 ||| Stepping ~*~*~tactically~*~*~ (hiding).
 14195 | D:11     | Killed Fannar
 14196 | D:11     | Reached skill level 3 in Throwing
 14262 | D:11     | 14262 ||| INVOKING Heroism.
 14509 | D:11     | 14509 ||| INVOKING Heroism.
 14589 | D:11     | 14589 ||| PLANNING D
 14650 | D:12     | 14650 ||| PLANNING GAUNTLET
 14650 | D:12     | 14650 ||| STAIRDANCE
 14655 | D:12     | 14655 ||| STAIRDANCE
 14657 | D:11     | 14657 ||| INVOKING Heroism.
 14673 | D:12     | 14673 ||| STAIRDANCE
 14702 | D:12     | Found a gate leading to a gauntlet.
 14711 | Gauntlet | Entered a Gauntlet
 14711 | Gauntlet | Found a transporter.
 14720 | Gauntlet | Found a transporter.
 14738 | Gauntlet | Found a transporter.
 14741 | Gauntlet | Found a transporter.
 14762 | Gauntlet | Found a transporter.
 14775 | Gauntlet | Found a transporter.
 14785 | Gauntlet | Noticed a balrug
 14789 | Gauntlet | Found a transporter.
 14816 | Gauntlet | Found a transporter.
 14816 | Gauntlet | Found a transporter.
 14822 | Gauntlet | Found a transporter.
 14855 | Gauntlet | Found a transporter.
 14855 | Gauntlet | Found a transporter.
 14918 | Gauntlet | 14918 ||| INVOKING Heroism.
 14937 | Gauntlet | Reached ****** piety under Okawaru
 14943 | Gauntlet | 14943 ||| UPGRADING to ring of see invisible.
 14945 | Gauntlet | 14945 ||| UPGRADING to ring of willpower.
 14961 | Gauntlet | Killed a balrug
 14962 | Gauntlet | Reached skill level 15 in Axes
 15003 | Gauntlet | 15003 ||| DROPPING ring of positive energy.
 15004 | Gauntlet | 15004 ||| UPGRADING to +6 ring of strength.
 15036 | Gauntlet | Identified the +6 shortbow "Toiba" {venom, rF++ rC+}
 15037 | Gauntlet | 15037 ||| INVOKING Heroism.
 15038 | Gauntlet | 15038 ||| INVOKING Finesse.
 15086 | Gauntlet | Identified the +8 spear "Rahotz" {chaos, Contam Int+7
                  | Dex+5}
 15086 | Gauntlet | Identified the +1 kite shield "Vukelod" {rElec rF- Dex+5}
 15119 | Gauntlet | 15119 ||| UPGRADING to +1 kite shield "Vukelod" {rElec rF-
                  | Dex+5}.
 15129 | Gauntlet | 15129 ||| UPGRADING to +4 ring of evasion.
 15131 | Gauntlet | 15131 ||| DROPPING ring of willpower.
 15132 | Gauntlet | 15132 ||| DROPPING ring of positive energy.
 15147 | D:12     | 15147 ||| PLANNING D
 15166 | D:12     | Found Cech's Armour Boutique.
 15167 | D:12     | 15167 ||| Stepping ~*~*~tactically~*~*~ (hiding).
 15174 | D:12     | 15174 ||| INVOKING Heroism.
 15177 | D:12     | 15177 ||| Stepping ~*~*~tactically~*~*~ (stealth).
 15179 | D:12     | Received a gift from Okawaru
 15180 | D:12     | Reached skill level 3 in Dodging
 15202 | D:12     | 15202 ||| Stepping ~*~*~tactically~*~*~ (stealth).
 15234 | D:12     | Found a staircase to the Orcish Mines.
 15239 | D:12     | 15239 ||| BUYING +1 plate armour of cold resistance (420
                  | gold).
 15239 | D:12     | Bought a +1 plate armour of cold resistance for 420 gold
                  | pieces
 15453 | D:12     | 15453 ||| Stepping ~*~*~tactically~*~*~ (hiding).
 15588 | D:12     | 15588 ||| Stepping ~*~*~tactically~*~*~ (hiding).
 15589 | D:12     | 15589 ||| Stepping ~*~*~tactically~*~*~ (hiding).
 15764 | D:12     | 15764 ||| UPGRADING to +1 plate armour of cold resistance.
 15774 | D:12     | 15774 ||| DROPPING +0 plate armour.
 15775 | D:12     | 15775 ||| READING scroll labelled EGAEKL GIMP.
 15776 | D:12     | 15776 ||| READING scroll labelled POMEREKLIN.
 15776 | D:12     | Identified a scroll of acquirement
 15776 | D:12     | 15776 ||| ACQUIRING 793 gold pieces
 15776 | D:12     | Acquired 793 gold pieces
 15821 | D:13     | 15821 ||| STAIRDANCE
 15832 | D:13     | 15832 ||| STAIRDANCE
 15839 | D:13     | 15839 ||| STAIRDANCE
 15894 | D:13     | 15894 ||| Stepping ~*~*~tactically~*~*~ (hiding).
 15917 | D:13     | 15917 ||| Stepping ~*~*~tactically~*~*~ (stealth).
 15969 | D:13     | 15969 ||| INVOKING Heroism.
 15970 | D:13     | 15970 ||| INVOKING Finesse.
 16016 | D:13     | 16016 ||| Stepping ~*~*~tactically~*~*~ (stealth).
 16017 | D:13     | 16017 ||| Stepping ~*~*~tactically~*~*~ (stealth).
 16020 | D:13     | 16020 ||| Stepping ~*~*~tactically~*~*~ (stealth).
 16032 | D:13     | 16032 ||| Stepping ~*~*~tactically~*~*~ (stealth).
 16041 | D:13     | 16041 ||| INVOKING Finesse.
 16048 | D:13     | 16048 ||| INVOKING Heroism.
 16060 | D:13     | 16060 ||| Stepping ~*~*~tactically~*~*~ (stealth).
 16074 | D:13     | 16074 ||| Stepping ~*~*~tactically~*~*~ (stealth).
 16100 | D:13     | 16100 ||| Stepping ~*~*~tactically~*~*~ (stealth).
 16128 | D:13     | Reached XP level 15. HP: 96/96 MP: 22/22
 16373 | D:13     | 16373 ||| Stepping ~*~*~tactically~*~*~ (hiding).
 16374 | D:13     | 16374 ||| Stepping ~*~*~tactically~*~*~ (hiding).
 16410 | D:13     | 16410 ||| Stepping ~*~*~tactically~*~*~ (stealth).
 16411 | D:13     | 16411 ||| Stepping ~*~*~tactically~*~*~ (stealth).
 16413 | D:13     | 16413 ||| INVOKING Heroism.
 16426 | D:13     | Reached skill level 12 in Fighting
 16489 | D:13     | 16489 ||| INVOKING Heroism.
 16520 | D:13     | Found a gate to the Vaults.
 16615 | D:13     | 16615 ||| READING scroll labelled JUXZAU JICROAW.
 16647 | D:14     | Found an opulent altar of Gozag.
 16696 | D:14     | Received a gift from Okawaru
 16716 | D:14     | 16716 ||| Stepping ~*~*~tactically~*~*~ (stealth).
 16721 | D:14     | 16721 ||| Stepping ~*~*~tactically~*~*~ (hiding).
 16722 | D:14     | 16722 ||| Stepping ~*~*~tactically~*~*~ (hiding).
 16724 | D:14     | 16724 ||| Stepping ~*~*~tactically~*~*~ (hiding).
 16726 | D:14     | 16726 ||| Stepping ~*~*~tactically~*~*~ (hiding).
 16762 | D:14     | 16762 ||| INVOKING Heroism.
 16896 | D:14     | Found a radiant altar of Vehumet.
 17030 | D:14     | 17030 ||| Stepping ~*~*~tactically~*~*~ (hiding).
 17031 | D:14     | 17031 ||| Stepping ~*~*~tactically~*~*~ (hiding).
 17166 | D:14     | 17166 ||| Stepping ~*~*~tactically~*~*~ (hiding).
 17367 | D:14     | 17367 ||| Stepping ~*~*~tactically~*~*~ (hiding).
 17619 | D:14     | 17619 ||| Stepping ~*~*~tactically~*~*~ (stealth).
 17664 | D:14     | 17664 ||| DROPPING +0 kite shield.
 17673 | D:15     | Entered Level 15 of the Dungeon
 17725 | D:15     | 17725 ||| Stepping ~*~*~tactically~*~*~ (stealth).
 17727 | D:15     | Identified the +1 robe of Cigemm {rF+ Will+} (Okawaru
                  | gifted it to you on level 15 of the Dungeon)
 17727 | D:15     | Received a gift from Okawaru
 17728 | D:15     | 17728 ||| Stepping ~*~*~tactically~*~*~ (stealth).
 17730 | D:15     | 17730 ||| Stepping ~*~*~tactically~*~*~ (hiding).
 17733 | D:15     | 17733 ||| INVOKING Heroism.
 17735 | D:15     | Noticed Louise
 17736 | D:15     | 17736 ||| INVOKING Finesse.
 17767 | D:15     | 17767 ||| INVOKING Finesse.
 17782 | D:15     | 17782 ||| INVOKING Heroism.
 17788 | D:15     | Killed Louise
 17847 | D:15     | 17847 ||| FLEEEEING.
 17848 | D:15     | 17848 ||| FLEEEEING.
 17849 | D:15     | 17849 ||| FLEEEEING.
 17850 | D:15     | 17850 ||| STAIRDANCE
 17875 | D:15     | 17875 ||| STAIRDANCE
 17917 | D:15     | Found an iron altar of Okawaru.
 17979 | D:15     | 17979 ||| READING scroll of enchant armour.
 17979 | D:15     | 17979 ||| ENCHANTING +0 pair of gloves.
 18084 | D:15     | Found a staircase to the Depths.
 18087 | D:15     | 18087 ||| INVOKING Heroism.
 18091 | D:15     | Noticed an emperor scorpion
 18102 | D:15     | Killed an emperor scorpion
 18148 | D:15     | 18148 ||| PLANNING ORC
 18148 | D:15     | 18148 ||| UPGRADING to +2 tower shield of cold resistance.
 18158 | D:15     | 18158 ||| DROPPING +1 kite shield "Vukelod" {rElec rF-
                  | Dex+5}.
 18159 | D:15     | 18159 ||| DROPPING +0 kite shield of cold resistance.
 18160 | D:15     | 18160 ||| DROPPING amulet of magic regeneration.
 18243 | Orc:1    | Entered Level 1 of the Orcish Mines
 18244 | Orc:1    | 18244 ||| INVOKING Heroism.
 18277 | Orc:1    | 18277 ||| Stepping ~*~*~tactically~*~*~ (stealth).
 18532 | Orc:2    | Entered Level 2 of the Orcish Mines
 18533 | Orc:2    | 18533 ||| STAIRDANCE
 18546 | Orc:2    | 18546 ||| STAIRDANCE
 18551 | Orc:2    | 18551 ||| STAIRDANCE
 18622 | Orc:2    | 18622 ||| Stepping ~*~*~tactically~*~*~ (hiding).
 18623 | Orc:2    | 18623 ||| Stepping ~*~*~tactically~*~*~ (hiding).
 18625 | Orc:2    | 18625 ||| Stepping ~*~*~tactically~*~*~ (hiding).
 18627 | Orc:2    | 18627 ||| Stepping ~*~*~tactically~*~*~ (hiding).
 18628 | Orc:2    | 18628 ||| Stepping ~*~*~tactically~*~*~ (hiding).
 18680 | Orc:2    | 18680 ||| Stepping ~*~*~tactically~*~*~ (stealth).
 18692 | Orc:2    | 18692 ||| INVOKING Heroism.
 18710 | Orc:2    | HP: 24/96 [orc sorcerer/+0 dagger (5)]
 18711 | Orc:2    | 18711 ||| READING 2 scrolls of teleportation.
 18715 | Orc:2    | 18715 ||| DRINKING 6 potions of heal wounds.
 18743 | Orc:2    | 18743 ||| INVOKING Heroism.
 18753 | Orc:2    | 18753 ||| FLEEEEING.
 18754 | Orc:2    | Found a staircase to the Elven Halls.
 18795 | Orc:2    | 18795 ||| INVOKING Heroism.
 18917 | Orc:2    | 18917 ||| INVOKING Heroism.
 18927 | Orc:2    | 18927 ||| Stepping ~*~*~tactically~*~*~ (hiding).
 18987 | Orc:2    | 18987 ||| Stepping ~*~*~tactically~*~*~ (hiding).
 19026 | Orc:2    | 19026 ||| Stepping ~*~*~tactically~*~*~ (hiding).
 19039 | Orc:2    | 19039 ||| INVOKING Heroism.
 19101 | Orc:2    | Found Tiuc's Assorted Antiques.
 19101 | Orc:2    | Found Sixkum's Book Boutique.
 19102 | Orc:2    | Found Vittew's Weapon Shop.
 19106 | Orc:2    | 19106 ||| Stepping ~*~*~tactically~*~*~ (hiding).
 19216 | Orc:2    | Found Utacief's Armour Shop.
 19218 | Orc:2    | 19218 ||| BUYING pair of runed boots (255 gold).
 19218 | Orc:2    | Bought a pair of runed boots for 255 gold pieces
 19218 | Orc:2    | 19218 ||| BUYING scroll of enchant armour (255 gold).
 19218 | Orc:2    | Bought a scroll of enchant armour for 255 gold pieces
 19218 | Orc:2    | 19218 ||| READING scroll of enchant armour.
 19218 | Orc:2    | 19218 ||| ENCHANTING +1 pair of gloves.
 19222 | Orc:2    | 19222 ||| BUYING +1 pair of gloves "Oraugoum" {Fly rC+
                  | Str+2 Int-3} (235 gold).
 19222 | Orc:2    | Bought the +1 pair of gloves "Oraugoum" {Fly rC+ Str+2
                  | Int-3} for 235 gold pieces
 19222 | Orc:2    | 19222 ||| BUYING +9 plate armour "Zuat" {rElec rPois Int+10
                  | Dex-2} (1021 gold).
 19222 | Orc:2    | Bought the +9 plate armour "Zuat" {rElec rPois Int+10
                  | Dex-2} for 1021 gold pieces
 19439 | Orc:2    | 19439 ||| Stepping ~*~*~tactically~*~*~ (hiding).
 19441 | Orc:2    | 19441 ||| Stepping ~*~*~tactically~*~*~ (hiding).
 19499 | Orc:2    | 19499 ||| Stepping ~*~*~tactically~*~*~ (stealth).
 19504 | Orc:2    | 19504 ||| Stepping ~*~*~tactically~*~*~ (stealth).
 19505 | Orc:2    | 19505 ||| Stepping ~*~*~tactically~*~*~ (stealth).
 19506 | Orc:2    | 19506 ||| Stepping ~*~*~tactically~*~*~ (stealth).
 19509 | Orc:2    | 19509 ||| Stepping ~*~*~tactically~*~*~ (stealth).
 19593 | Orc:2    | 19593 ||| DROPPING +1 pair of boots of rampaging.
 19594 | Orc:2    | 19594 ||| DROPPING +4 chain mail of fire resistance.
 19595 | Orc:2    | 19595 ||| UPGRADING to +1 pair of gloves "Oraugoum" {Fly
                  | rC+ Str+2 Int-3}.
 19605 | Orc:2    | 19605 ||| UPGRADING to +0 cloak.
 19615 | Orc:2    | 19615 ||| DROPPING +2 pair of gloves.
 19616 | Orc:2    | 19616 ||| UPGRADING to +9 plate armour "Zuat" {rElec rPois
                  | Int+10 Dex-2}.
 19626 | Orc:2    | 19626 ||| UPGRADING to scarf of resistance.
 19636 | Orc:2    | 19636 ||| DROPPING +1 plate armour of cold resistance.
 19746 | Orc:1    | 19746 ||| Stepping ~*~*~tactically~*~*~ (stealth).
 19748 | Orc:1    | 19748 ||| INVOKING Heroism.
 19789 | Orc:1    | 19789 ||| Stepping ~*~*~tactically~*~*~ (stealth).
 19790 | Orc:1    | 19790 ||| Stepping ~*~*~tactically~*~*~ (stealth).
 19791 | Orc:1    | 19791 ||| Stepping ~*~*~tactically~*~*~ (stealth).
 19794 | Orc:1    | 19794 ||| Stepping ~*~*~tactically~*~*~ (stealth).
 19819 | Orc:1    | 19819 ||| PLANNING SWAMP:1-3
 19976 | Swamp:1  | Entered Level 1 of the Swamp
 20012 | Swamp:1  | 20012 ||| INVOKING Heroism.
 20040 | Swamp:1  | Noticed Jorgrun
 20041 | Swamp:1  | 20041 ||| INVOKING Finesse.
 20064 | Swamp:1  | Killed Jorgrun
 20064 | Swamp:1  | Received a gift from Okawaru
 20089 | Swamp:1  | 20089 ||| INVOKING Heroism.
 20112 | Swamp:1  | 20112 ||| INVOKING Heroism.
 20114 | Swamp:1  | Reached XP level 16. HP: 101/101 MP: 20/23
 20136 | Swamp:1  | Noticed Roxanne
 20137 | Swamp:1  | 20137 ||| INVOKING Finesse.
 20161 | Swamp:1  | Killed Roxanne
 20213 | Swamp:1  | Identified the +0 robe of Hedge Wizardry {Str+6}
 20232 | Swamp:1  | 20232 ||| Stepping ~*~*~tactically~*~*~ (hiding).
 20235 | Swamp:1  | 20235 ||| Stepping ~*~*~tactically~*~*~ (hiding).
 20241 | Swamp:1  | 20241 ||| INVOKING Heroism.
 20416 | Swamp:1  | Reached skill level 15 in Shields
 20656 | Swamp:1  | 20656 ||| INVOKING Heroism.
 20751 | Swamp:1  | 20751 ||| READING 10 scrolls of identify.
 20751 | Swamp:1  | 20751 ||| IDENTIFYING fuming black potion
 20752 | Swamp:1  | 20752 ||| DRINKING potion of experience.
 20752 | Swamp:1  | Reached XP level 17. HP: 106/106 MP: 24/24
 20764 | Swamp:2  | 20764 ||| STAIRDANCE
 20839 | Swamp:2  | 20839 ||| Stepping ~*~*~tactically~*~*~ (hiding).
 20841 | Swamp:2  | 20841 ||| INVOKING Heroism.
 20865 | Swamp:2  | 20865 ||| Stepping ~*~*~tactically~*~*~ (stealth).
 20866 | Swamp:2  | 20866 ||| Stepping ~*~*~tactically~*~*~ (stealth).
 20897 | Swamp:2  | 20897 ||| INVOKING Heroism.
 20929 | Swamp:2  | 20929 ||| INVOKING Heroism.
 21008 | Swamp:2  | 21008 ||| INVOKING Heroism.
 21197 | Swamp:2  | Noticed Donald
 21198 | Swamp:2  | 21198 ||| INVOKING Heroism.
 21199 | Swamp:2  | 21199 ||| INVOKING Finesse.
 21207 | Swamp:2  | Killed Donald
 21214 | Swamp:2  | 21214 ||| Stepping ~*~*~tactically~*~*~ (hiding).
 21235 | Swamp:2  | 21235 ||| Stepping ~*~*~tactically~*~*~ (stealth).
 21281 | Swamp:2  | 21281 ||| Stepping ~*~*~tactically~*~*~ (hiding).
 21282 | Swamp:2  | 21282 ||| Stepping ~*~*~tactically~*~*~ (hiding).
 21657 | Swamp:3  | 21657 ||| INVOKING Heroism.
 21669 | Swamp:3  | Received a gift from Okawaru
 21735 | Swamp:3  | 21735 ||| Stepping ~*~*~tactically~*~*~ (stealth).
 21736 | Swamp:3  | 21736 ||| Stepping ~*~*~tactically~*~*~ (stealth).
 21738 | Swamp:3  | 21738 ||| Stepping ~*~*~tactically~*~*~ (stealth).
 21739 | Swamp:3  | 21739 ||| Stepping ~*~*~tactically~*~*~ (stealth).
 21846 | Swamp:3  | 21846 ||| READING scroll of acquirement.
 21846 | Swamp:3  | 21846 ||| ACQUIRING +0 hat of Gyinog {rElec rF+++}
 21846 | Swamp:3  | Acquired the +0 hat of Gyinog {rElec rF+++}
 21893 | Swamp:3  | 21893 ||| Stepping ~*~*~tactically~*~*~ (stealth).
 21897 | Swamp:3  | 21897 ||| Stepping ~*~*~tactically~*~*~ (hiding).
 21913 | Swamp:3  | 21913 ||| INVOKING Heroism.
 21962 | Swamp:3  | 21962 ||| Stepping ~*~*~tactically~*~*~ (stealth).
 21963 | Swamp:3  | 21963 ||| Stepping ~*~*~tactically~*~*~ (stealth).
 21964 | Swamp:3  | 21964 ||| INVOKING Heroism.
 22012 | Swamp:3  | 22012 ||| Stepping ~*~*~tactically~*~*~ (stealth).
 22205 | Swamp:3  | 22205 ||| PLANNING SNAKE:1-3
 22281 | Snake:1  | Entered Level 1 of the Snake Pit
 22304 | Snake:1  | 22304 ||| Stepping ~*~*~tactically~*~*~ (hiding).
 22305 | Snake:1  | 22305 ||| Stepping ~*~*~tactically~*~*~ (hiding).
 22307 | Snake:1  | 22307 ||| INVOKING Heroism.
 22457 | Snake:1  | 22457 ||| INVOKING Heroism.
 22464 | Snake:1  | Received a gift from Okawaru
 22478 | Snake:1  | Reached skill level 12 in Armour
 22554 | Snake:1  | Noticed Aizul
 22555 | Snake:1  | 22555 ||| Stepping ~*~*~tactically~*~*~ (hiding).
 22557 | Snake:1  | 22557 ||| INVOKING Heroism.
 22558 | Snake:1  | 22558 ||| INVOKING Finesse.
 22569 | Snake:1  | Killed Aizul
 22845 | Snake:2  | 22845 ||| Stepping ~*~*~tactically~*~*~ (hiding).
 22982 | Snake:2  | 22982 ||| Stepping ~*~*~tactically~*~*~ (hiding).
 22991 | Snake:2  | 22991 ||| Stepping ~*~*~tactically~*~*~ (hiding).
 22993 | Snake:2  | 22993 ||| Stepping ~*~*~tactically~*~*~ (hiding).
 23083 | Snake:2  | 23083 ||| Stepping ~*~*~tactically~*~*~ (hiding).
 23088 | Snake:2  | 23088 ||| INVOKING Heroism.
 23137 | Snake:2  | Reached XP level 18. HP: 114/114 MP: 25/25
 23169 | Snake:2  | 23169 ||| Stepping ~*~*~tactically~*~*~ (stealth).
 23171 | Snake:2  | 23171 ||| Stepping ~*~*~tactically~*~*~ (hiding).
 23174 | Snake:2  | 23174 ||| INVOKING Heroism.
 23179 | Snake:2  | 23179 ||| Stepping ~*~*~tactically~*~*~ (hiding).
 23252 | Snake:2  | Reached skill level 6 in Throwing
 23256 | Snake:2  | 23256 ||| DROPPING +0 war axe of draining.
 23517 | Snake:2  | 23517 ||| Stepping ~*~*~tactically~*~*~ (hiding).
 23518 | Snake:2  | 23518 ||| Stepping ~*~*~tactically~*~*~ (stealth).
 23522 | Snake:2  | 23522 ||| INVOKING Heroism.
 23685 | Snake:2  | Found a runed translucent door.
 23748 | Snake:2  | Identified the +3 steam dragon scales "Lic Xesu" {rC+}
 23781 | Snake:2  | 23781 ||| Stepping ~*~*~tactically~*~*~ (hiding).
 23984 | Snake:2  | Identified the +3 short sword of the Inquisitive Lives
                  | {holy, Stlth+}
 24031 | Snake:3  | Found Poaskubi's Self-Improvement Boutique.
 24040 | Snake:3  | Received a gift from Okawaru
 24174 | Snake:3  | 24174 ||| INVOKING Heroism.
 24488 | Snake:3  | 24488 ||| Stepping ~*~*~tactically~*~*~ (stealth).
 24490 | Snake:3  | 24490 ||| Stepping ~*~*~tactically~*~*~ (hiding).
 24502 | Snake:3  | 24502 ||| INVOKING Heroism.
 24572 | Snake:3  | 24572 ||| INVOKING Heroism.
 24591 | Snake:3  | Reached skill level 18 in Axes
 24682 | Snake:3  | 24682 ||| Stepping ~*~*~tactically~*~*~ (hiding).
 24687 | Snake:3  | 24687 ||| Stepping ~*~*~tactically~*~*~ (stealth).
 24690 | Snake:3  | 24690 ||| Stepping ~*~*~tactically~*~*~ (stealth).
 24710 | Snake:3  | 24710 ||| Stepping ~*~*~tactically~*~*~ (hiding).
 24711 | Snake:3  | 24711 ||| Stepping ~*~*~tactically~*~*~ (hiding).
 24713 | Snake:3  | 24713 ||| Stepping ~*~*~tactically~*~*~ (hiding).
 24714 | Snake:3  | 24714 ||| INVOKING Heroism.
 24737 | Snake:3  | Identified the +0 pair of boots of Understanding {Regen+
                  | Dex+4} (Okawaru gifted it to you on level 3 of the Snake
                  | Pit)
 24737 | Snake:3  | Received a gift from Okawaru
 24820 | Snake:3  | 24820 ||| Stepping ~*~*~tactically~*~*~ (hiding).
 25053 | Snake:3  | 25053 ||| PLANNING SWAMP:4
 25053 | Snake:3  | 25053 ||| DROPPING +0 pair of boots of Understanding
                  | {Regen+ Dex+4}.
 25054 | Snake:3  | 25054 ||| DROPPING amulet of faith.
 25220 | Swamp:4  | Entered Level 4 of the Swamp
 25270 | Swamp:4  | 25270 ||| Stepping ~*~*~tactically~*~*~ (hiding).
 25274 | Swamp:4  | 25274 ||| INVOKING Heroism.
 25305 | Swamp:4  | 25305 ||| Stepping ~*~*~tactically~*~*~ (stealth).
 25306 | Swamp:4  | Noticed Kirke
 25315 | Swamp:4  | 25315 ||| INVOKING Heroism.
 25328 | Swamp:4  | Killed Kirke
 25507 | Swamp:4  | 25507 ||| INVOKING Heroism.
 25549 | Swamp:4  | 25549 ||| INVOKING Heroism.
 25605 | Swamp:4  | 25605 ||| Stepping ~*~*~tactically~*~*~ (hiding).
 25606 | Swamp:4  | 25606 ||| Stepping ~*~*~tactically~*~*~ (hiding).
 25645 | Swamp:4  | 25645 ||| Stepping ~*~*~tactically~*~*~ (stealth).
 25762 | Swamp:4  | Reached skill level 18 in Shields
 25775 | Swamp:4  | 25775 ||| Stepping ~*~*~tactically~*~*~ (stealth).
 25776 | Swamp:4  | 25776 ||| Stepping ~*~*~tactically~*~*~ (stealth).
 25778 | Swamp:4  | 25778 ||| Stepping ~*~*~tactically~*~*~ (stealth).
 25779 | Swamp:4  | 25779 ||| Stepping ~*~*~tactically~*~*~ (stealth).
 25805 | Swamp:4  | 25805 ||| Stepping ~*~*~tactically~*~*~ (stealth).
 25808 | Swamp:4  | 25808 ||| Stepping ~*~*~tactically~*~*~ (stealth).
 25809 | Swamp:4  | 25809 ||| Stepping ~*~*~tactically~*~*~ (stealth).
 25812 | Swamp:4  | 25812 ||| Stepping ~*~*~tactically~*~*~ (stealth).
 25815 | Swamp:4  | 25815 ||| Stepping ~*~*~tactically~*~*~ (stealth).
 25817 | Swamp:4  | 25817 ||| Stepping ~*~*~tactically~*~*~ (stealth).
 25834 | Swamp:4  | 25834 ||| Stepping ~*~*~tactically~*~*~ (hiding).
 25836 | Swamp:4  | 25836 ||| Stepping ~*~*~tactically~*~*~ (hiding).
 25965 | Swamp:4  | 25965 ||| INVOKING Heroism.
 26112 | Swamp:4  | 26112 ||| Stepping ~*~*~tactically~*~*~ (stealth).
 26114 | Swamp:4  | 26114 ||| Stepping ~*~*~tactically~*~*~ (hiding).
 26295 | Swamp:4  | 26295 ||| Stepping ~*~*~tactically~*~*~ (stealth).
 26296 | Swamp:4  | 26296 ||| Stepping ~*~*~tactically~*~*~ (stealth).
 26297 | Swamp:4  | 26297 ||| Stepping ~*~*~tactically~*~*~ (stealth).
 26373 | Swamp:4  | 26373 ||| Stepping ~*~*~tactically~*~*~ (stealth).
 26398 | Swamp:4  | 26398 ||| INVOKING Heroism.
 26399 | Swamp:4  | 26399 ||| Stepping ~*~*~tactically~*~*~ (stealth).
 26400 | Swamp:4  | 26400 ||| Stepping ~*~*~tactically~*~*~ (stealth).
 26402 | Swamp:4  | 26402 ||| Stepping ~*~*~tactically~*~*~ (hiding).
 26438 | Swamp:4  | 26438 ||| INVOKING Heroism.
 26571 | Swamp:4  | Got a decaying rune of Zot
 26578 | Swamp:4  | 26578 ||| Stepping ~*~*~tactically~*~*~ (hiding).
 26581 | Swamp:4  | 26581 ||| INVOKING Heroism.
 26657 | Swamp:4  | 26657 ||| PLANNING VAULTS:1-4
 26665 | Swamp:4  | 26665 ||| INVOKING Heroism.
 26677 | Swamp:4  | Reached skill level 15 in Fighting
 26945 | Vaults:1 | Entered Level 1 of the Vaults
 27112 | Vaults:1 | 27112 ||| Stepping ~*~*~tactically~*~*~ (stealth).
 27148 | Vaults:1 | Reached XP level 19. HP: 124/124 MP: 26/26
 27157 | Vaults:1 | Identified the +0 buckler of the Camelopard {Harm Drain
                  | rCorr} (Okawaru gifted it to you on level 1 of the Vaults)
 27157 | Vaults:1 | Received a gift from Okawaru
 27180 | Vaults:1 | 27180 ||| INVOKING Heroism.
 27374 | Vaults:1 | 27374 ||| INVOKING Heroism.
 27654 | Vaults:1 | 27654 ||| INVOKING Heroism.
 27785 | Vaults:1 | 27785 ||| INVOKING Heroism.
 27882 | Vaults:1 | 27882 ||| Stepping ~*~*~tactically~*~*~ (hiding).
 27885 | Vaults:1 | 27885 ||| Stepping ~*~*~tactically~*~*~ (hiding).
 28034 | Vaults:1 | Identified the +6 dagger of Callousness {vorpal, Dex+5 SInv
                  | Stlth-}
 28104 | Vaults:1 | Found a portal to a secret trove of treasure.
 28307 | Vaults:2 | 28307 ||| INVOKING Heroism.
 28308 | Vaults:2 | 28308 ||| STAIRDANCE
 28420 | Vaults:2 | 28420 ||| STAIRDANCE
 28422 | Vaults:1 | 28422 ||| INVOKING Heroism.
 28552 | Vaults:2 | 28552 ||| STAIRDANCE
 28630 | Vaults:2 | 28630 ||| INVOKING Heroism.
 28640 | Vaults:2 | 28640 ||| Stepping ~*~*~tactically~*~*~ (hiding).
 28642 | Vaults:2 | 28642 ||| Stepping ~*~*~tactically~*~*~ (hiding).
 28646 | Vaults:2 | 28646 ||| Stepping ~*~*~tactically~*~*~ (hiding).
 28684 | Vaults:2 | 28684 ||| Stepping ~*~*~tactically~*~*~ (stealth).
 28684 | Vaults:2 | Found a staircase to the Crypt.
 28697 | Vaults:2 | 28697 ||| INVOKING Heroism.
 28764 | Vaults:2 | 28764 ||| INVOKING Finesse.
 28886 | Vaults:2 | 28886 ||| Stepping ~*~*~tactically~*~*~ (stealth).
 28912 | Vaults:2 | 28912 ||| INVOKING Heroism.
 29000 | Vaults:2 | 29000 ||| READING scroll of acquirement.
 29000 | Vaults:2 | 29000 ||| ACQUIRING 712 gold pieces
 29000 | Vaults:2 | Acquired 712 gold pieces
 29036 | Vaults:2 | Noticed a golden dragon
 29037 | Vaults:2 | 29037 ||| INVOKING Heroism.
 29038 | Vaults:2 | 29038 ||| INVOKING Finesse.
 29047 | Vaults:2 | 29047 ||| Stepping ~*~*~tactically~*~*~ (hiding).
 29057 | Vaults:2 | Killed a golden dragon
 29057 | Vaults:2 | Received a gift from Okawaru
 29057 | Vaults:2 | Found the +18 Lear's hauberk
 29097 | Vaults:2 | 29097 ||| Stepping ~*~*~tactically~*~*~ (hiding).
 29098 | Vaults:2 | 29098 ||| Stepping ~*~*~tactically~*~*~ (hiding).
 29101 | Vaults:2 | 29101 ||| INVOKING Heroism.
 29132 | Vaults:2 | 29132 ||| INVOKING Heroism.
 29601 | Vaults:2 | Reached skill level 15 in Armour
 29630 | Vaults:2 | 29630 ||| Stepping ~*~*~tactically~*~*~ (hiding).
 29633 | Vaults:2 | 29633 ||| Stepping ~*~*~tactically~*~*~ (hiding).
 29693 | Vaults:2 | 29693 ||| Stepping ~*~*~tactically~*~*~ (stealth).
 29922 | Vaults:3 | 29922 ||| Stepping ~*~*~tactically~*~*~ (stealth).
 29973 | Vaults:3 | 29973 ||| FLEEEEING.
 29997 | Vaults:3 | 29997 ||| INVOKING Heroism.
 30047 | Vaults:3 | 30047 ||| FLEEEEING.
 30050 | Vaults:3 | 30050 ||| FLEEEEING.
 30051 | Vaults:3 | 30051 ||| STAIRDANCE
 30171 | Vaults:3 | 30171 ||| Stepping ~*~*~tactically~*~*~ (hiding).
 30190 | Vaults:3 | Reached XP level 20. HP: 102/133 MP: 27/27
 30571 | Vaults:3 | 30571 ||| Stepping ~*~*~tactically~*~*~ (hiding).
 30680 | Vaults:3 | 30680 ||| INVOKING Heroism.
 30696 | Vaults:3 | 30696 ||| Stepping ~*~*~tactically~*~*~ (stealth).
 30832 | Vaults:3 | Noticed Xtahua
 30835 | Vaults:3 | Paralysed by Xtahua for 4 turns
 30840 | Vaults:3 | 30840 ||| INVOKING Heroism.
 30844 | Vaults:3 | Killed Xtahua
 30844 | Vaults:3 | Received a gift from Okawaru
 30917 | Vaults:3 | 30917 ||| DROPPING +3 war axe of flaming.
 31007 | Vaults:3 | 31007 ||| Stepping ~*~*~tactically~*~*~ (hiding).
 31036 | Vaults:3 | Found Pits's Assorted Antiques.
 31041 | Vaults:3 | 31041 ||| BUYING polished war axe (323 gold).
 31041 | Vaults:3 | Bought a polished war axe for 323 gold pieces
 31041 | Vaults:3 | Identified the +5 war axe of Extermination {vamp, rF+} (You
                  | bought it in a shop on level 3 of the Vaults)
 31041 | Vaults:3 | 31041 ||| BUYING potion of curing (114 gold).
 31041 | Vaults:3 | Bought a potion of curing for 114 gold pieces
 31041 | Vaults:3 | 31041 ||| BUYING potion of curing (114 gold).
 31041 | Vaults:3 | Bought a potion of curing for 114 gold pieces
 31041 | Vaults:3 | 31041 ||| BUYING potion of curing (114 gold).
 31041 | Vaults:3 | Bought a potion of curing for 114 gold pieces
 31041 | Vaults:3 | 31041 ||| SWAPPING to +5 war axe of Extermination {vamp,
                  | rF+}.
 31042 | Vaults:3 | 31042 ||| DROPPING +2 vampiric war axe.
 31103 | Vaults:3 | 31103 ||| DRINKING 19 potions of curing.
 31103 | Vaults:3 | 31103 ||| (to cure confusion)
 31166 | Vaults:3 | 31166 ||| INVOKING Heroism.
 31213 | Vaults:3 | 31213 ||| INVOKING Heroism.
 31265 | Vaults:3 | Paralysed by a sphinx for 5 turns
 31477 | Vaults:3 | 31477 ||| Stepping ~*~*~tactically~*~*~ (hiding).
 31611 | Vaults:4 | 31611 ||| STAIRDANCE
 31648 | Vaults:4 | 31648 ||| Stepping ~*~*~tactically~*~*~ (hiding).
 31649 | Vaults:4 | 31649 ||| Stepping ~*~*~tactically~*~*~ (hiding).
 31663 | Vaults:4 | 31663 ||| Stepping ~*~*~tactically~*~*~ (hiding).
 31673 | Vaults:4 | 31673 ||| INVOKING Heroism.
 31809 | Vaults:4 | Paralysed by a great orb of eyes for 4 turns
 31895 | Vaults:4 | 31895 ||| Stepping ~*~*~tactically~*~*~ (hiding).
 31908 | Vaults:4 | Paralysed by a great orb of eyes for 4 turns
 31981 | Vaults:4 | 31981 ||| INVOKING Heroism.
 32181 | Vaults:4 | 32181 ||| Stepping ~*~*~tactically~*~*~ (stealth).
 32183 | Vaults:4 | 32183 ||| Stepping ~*~*~tactically~*~*~ (stealth).
 32187 | Vaults:4 | 32187 ||| Stepping ~*~*~tactically~*~*~ (stealth).
 32337 | Vaults:4 | 32337 ||| FLEEEEING.
 32338 | Vaults:4 | 32338 ||| FLEEEEING.
 32339 | Vaults:4 | 32339 ||| FLEEEEING.
 32340 | Vaults:4 | 32340 ||| FLEEEEING.
 32341 | Vaults:4 | 32341 ||| FLEEEEING.
 32342 | Vaults:4 | 32342 ||| FLEEEEING.
 32349 | Vaults:4 | 32349 ||| FLEEEEING.
 32350 | Vaults:4 | 32350 ||| FLEEEEING.
 32351 | Vaults:4 | 32351 ||| FLEEEEING.
 32352 | Vaults:4 | 32352 ||| FLEEEEING.
 32353 | Vaults:4 | 32353 ||| FLEEEEING.
 32354 | Vaults:4 | 32354 ||| FLEEEEING.
 32355 | Vaults:4 | 32355 ||| FLEEEEING.
 32362 | Vaults:4 | 32362 ||| FLEEEEING.
 32363 | Vaults:4 | 32363 ||| FLEEEEING.
 32364 | Vaults:4 | 32364 ||| FLEEEEING.
 32365 | Vaults:4 | 32365 ||| FLEEEEING.
 32366 | Vaults:4 | 32366 ||| FLEEEEING.
 32367 | Vaults:4 | 32367 ||| FLEEEEING.
 32368 | Vaults:4 | 32368 ||| FLEEEEING.
 32374 | Vaults:4 | 32374 ||| FLEEEEING.
 32380 | Vaults:4 | 32380 ||| FLEEEEING.
 32381 | Vaults:4 | 32381 ||| FLEEEEING.
 32382 | Vaults:4 | 32382 ||| FLEEEEING.
 32383 | Vaults:4 | 32383 ||| STAIRDANCE
 32485 | Vaults:3 | 32485 ||| DROPPING +6 ring of dexterity.
 32517 | Vaults:4 | Noticed Saint Roka
 32535 | Vaults:4 | 32535 ||| INVOKING Heroism.
 32543 | Vaults:4 | Killed Saint Roka
 32543 | Vaults:4 | Identified the +3 chain mail of Fiutatam {MP+9 Dex+3
                  | Slay-2} (Okawaru gifted it to you on level 4 of the Vaults)
 32543 | Vaults:4 | Received a gift from Okawaru
 32597 | Vaults:4 | 32597 ||| Stepping ~*~*~tactically~*~*~ (hiding).
 32604 | Vaults:4 | 32604 ||| INVOKING Heroism.
 32614 | Vaults:4 | Reached skill level 18 in Fighting
 33104 | Vaults:4 | 33104 ||| READING scroll of acquirement.
 33104 | Vaults:4 | 33104 ||| ACQUIRING +1 broad axe of Gozag, Shifting {holy,
                  | rElec Dex+4}
 33104 | Vaults:4 | Acquired the +1 broad axe of Gozag, Shifting {holy, rElec
                  | Dex+4}
 33106 | Vaults:4 | 33106 ||| DROPPING +4 broad axe "Killer Bee's Bane" {flame,
                  | rF+ Int+4}.
 33109 | Vaults:4 | Identified the +3 robe of Limitation {rN+ Dex+3}
 33157 | Vaults:4 | Found Ohenk's Antique Armour Boutique.
 33208 | Vaults:4 | 33208 ||| INVOKING Heroism.
 33341 | Vaults:4 | Identified the +3 hand axe "Verphuig" {protect, rElec rPois
                  | rF- Str+6}
 33368 | Vaults:4 | 33368 ||| PLANNING SNAKE:4
 33739 | Snake:4  | Entered Level 4 of the Snake Pit
 33781 | Snake:4  | 33781 ||| INVOKING Heroism.
 33933 | Snake:4  | 33933 ||| Stepping ~*~*~tactically~*~*~ (hiding).
 33942 | Snake:4  | 33942 ||| INVOKING Heroism.
 33945 | Snake:4  | 33945 ||| Stepping ~*~*~tactically~*~*~ (hiding).
 33963 | Snake:4  | Reached skill level 9 in Throwing
 33965 | Snake:4  | 33965 ||| Stepping ~*~*~tactically~*~*~ (hiding).
 33983 | Snake:4  | 33983 ||| INVOKING Heroism.
 33998 | Snake:4  | 33998 ||| Stepping ~*~*~tactically~*~*~ (hiding).
 34008 | Snake:4  | 34008 ||| Stepping ~*~*~tactically~*~*~ (hiding).
 34017 | Snake:4  | 34017 ||| INVOKING Heroism.
 34019 | Snake:4  | Reached XP level 21. HP: 124/141 MP: 25/28
 34077 | Snake:4  | Got a serpentine rune of Zot
 34129 | Snake:4  | 34129 ||| Stepping ~*~*~tactically~*~*~ (hiding).
 34138 | Snake:4  | Noticed Vashnia
 34142 | Snake:4  | 34142 ||| INVOKING Heroism.
 34168 | Snake:4  | 34168 ||| INVOKING Heroism.
 34175 | Snake:4  | Killed Vashnia
 34201 | Snake:4  | Identified the +1 plate armour of Mumblety Peg {Will+++
                  | Str+3 Dex-2 SInv} (Okawaru gifted it to you on level 4 of
                  | the Snake Pit)
 34201 | Snake:4  | Received a gift from Okawaru
 34288 | Snake:4  | 34288 ||| INVOKING Heroism.
 34485 | Snake:4  | 34485 ||| Stepping ~*~*~tactically~*~*~ (hiding).
 34527 | Snake:4  | 34527 ||| PLANNING DEPTHS
 34810 | Depths:1 | Entered Level 1 of the Depths
 34852 | Depths:1 | Found an ancient bone altar of Kikubaaqudgha.
 34911 | Depths:1 | 34911 ||| INVOKING Heroism.
 34912 | Depths:1 | 34912 ||| INVOKING Finesse.
 34975 | Depths:1 | 34975 ||| DRINKING 19 potions of curing.
 34975 | Depths:1 | 34975 ||| (to cure confusion)
 34986 | Depths:1 | 34986 ||| INVOKING Heroism.
 35026 | Depths:1 | 35026 ||| DRINKING 18 potions of curing.
 35026 | Depths:1 | 35026 ||| (to cure confusion)
 35045 | Depths:1 | 35045 ||| INVOKING Heroism.
 35054 | Depths:1 | Reached skill level 18 in Armour
 35197 | Depths:1 | Found a gateway to Hell.
 35236 | Depths:1 | Found a glowing golden altar of the Shining One.
 35239 | Depths:1 | 35239 ||| INVOKING Heroism.
 35556 | Depths:2 | 35556 ||| INVOKING Heroism.
 35557 | Depths:2 | 35557 ||| STAIRDANCE
 35557 | Depths:2 | Noticed a juggernaut
 35562 | Depths:1 | Received a gift from Okawaru
 35571 | Depths:2 | 35571 ||| STAIRDANCE
 35571 | Depths:2 | Noticed a caustic shrike
 35642 | Depths:2 | 35642 ||| STAIRDANCE
 35644 | Depths:1 | 35644 ||| INVOKING Heroism.
 35645 | Depths:1 | 35645 ||| INVOKING Finesse.
 35660 | Depths:1 | Killed a caustic shrike
 35681 | Depths:1 | Killed a juggernaut
 35681 | Depths:1 | Identified the +1 crystal plate armour "Tuxyu" {rC+}
                  | (Okawaru gifted it to you on level 1 of the Depths)
 35681 | Depths:1 | Received a gift from Okawaru
 35702 | Depths:2 | Noticed a golden dragon
 35702 | Depths:2 | Noticed a golden dragon
 35703 | Depths:2 | 35703 ||| STAIRDANCE
 35705 | Depths:1 | 35705 ||| INVOKING Heroism.
 35729 | Depths:2 | 35729 ||| INVOKING Finesse.
 35730 | Depths:2 | 35730 ||| STAIRDANCE
 35734 | Depths:1 | 35734 ||| INVOKING Heroism.
 35745 | Depths:1 | Killed a golden dragon
 35772 | Depths:2 | 35772 ||| STAIRDANCE
 35784 | Depths:2 | 35784 ||| STAIRDANCE
 35821 | Depths:2 | 35821 ||| STAIRDANCE
 35821 | Depths:2 | Paralysed by a vampire knight for 4 turns
 35825 | Depths:2 | 35825 ||| STAIRDANCE
 35827 | Depths:1 | 35827 ||| INVOKING Heroism.
 35828 | Depths:1 | 35828 ||| INVOKING Finesse.
 35834 | Depths:1 | Paralysed by a vampire knight for 2 turns
 35837 | Depths:1 | Killed a golden dragon
 35952 | Depths:2 | You are sucked into a shaft and drop 2 floors!
 35952 | Depths:4 | Entered Level 4 of the Depths
 35953 | Depths:4 | 35953 ||| INVOKING Heroism.
 35965 | Depths:4 | Noticed Grunn
 35966 | Depths:4 | 35966 ||| INVOKING Finesse.
 36004 | Depths:4 | 36004 ||| INVOKING Heroism.
 36006 | Depths:4 | Reached XP level 22. HP: 125/152 MP: 24/29
 36024 | Depths:4 | Killed Grunn
 36064 | Depths:4 | 36064 ||| Stepping ~*~*~tactically~*~*~ (stealth).
 36065 | Depths:4 | 36065 ||| Stepping ~*~*~tactically~*~*~ (stealth).
 36066 | Depths:4 | 36066 ||| Stepping ~*~*~tactically~*~*~ (stealth).
 36067 | Depths:4 | 36067 ||| Stepping ~*~*~tactically~*~*~ (stealth).
 36068 | Depths:4 | 36068 ||| Stepping ~*~*~tactically~*~*~ (stealth).
 36109 | Depths:4 | 36109 ||| Stepping ~*~*~tactically~*~*~ (hiding).
 36173 | Depths:3 | 36173 ||| INVOKING Heroism.
 36174 | Depths:3 | 36174 ||| INVOKING Finesse.
 36175 | Depths:3 | 36175 ||| Stepping ~*~*~tactically~*~*~ (stealth).
 36188 | Depths:3 | 36188 ||| Stepping ~*~*~tactically~*~*~ (stealth).
 36206 | Depths:3 | 36206 ||| Stepping ~*~*~tactically~*~*~ (stealth).
 36208 | Depths:3 | 36208 ||| Stepping ~*~*~tactically~*~*~ (hiding).
 36217 | Depths:3 | 36217 ||| Stepping ~*~*~tactically~*~*~ (stealth).
 36231 | Depths:3 | 36231 ||| INVOKING Heroism.
 36302 | Depths:3 | 36302 ||| INVOKING Finesse.
 36314 | Depths:3 | 36314 ||| INVOKING Heroism.
 36349 | Depths:3 | 36349 ||| INVOKING Finesse.
 36386 | Depths:2 | 36386 ||| Stepping ~*~*~tactically~*~*~ (hiding).
 36442 | Depths:2 | Noticed a caustic shrike
 36443 | Depths:2 | 36443 ||| INVOKING Heroism.
 36444 | Depths:2 | 36444 ||| INVOKING Finesse.
 36452 | Depths:2 | Killed a caustic shrike
 36456 | Depths:2 | 36456 ||| Stepping ~*~*~tactically~*~*~ (hiding).
 36460 | Depths:2 | 36460 ||| Stepping ~*~*~tactically~*~*~ (hiding).
 36463 | Depths:2 | 36463 ||| Stepping ~*~*~tactically~*~*~ (hiding).
 36489 | Depths:2 | Reached skill level 21 in Shields
 36504 | Depths:2 | 36504 ||| Stepping ~*~*~tactically~*~*~ (stealth).
 36580 | Depths:2 | 36580 ||| Stepping ~*~*~tactically~*~*~ (hiding).
 36620 | Depths:2 | 36620 ||| Stepping ~*~*~tactically~*~*~ (stealth).
 36622 | Depths:2 | 36622 ||| Stepping ~*~*~tactically~*~*~ (hiding).
 36629 | Depths:2 | 36629 ||| INVOKING Heroism.
 36746 | Depths:2 | 36746 ||| INVOKING Heroism.
 36747 | Depths:2 | 36747 ||| INVOKING Finesse.
 36923 | Depths:2 | Found a one-way gateway to a ziggurat.
 36978 | Depths:2 | Found a one-way gate leading to the halls of Pandemonium.
 37095 | Depths:2 | 37095 ||| Stepping ~*~*~tactically~*~*~ (stealth).
 37096 | Depths:2 | 37096 ||| INVOKING Finesse.
 37110 | Depths:2 | 37110 ||| Stepping ~*~*~tactically~*~*~ (stealth).
 37111 | Depths:2 | 37111 ||| Stepping ~*~*~tactically~*~*~ (stealth).
 37113 | Depths:2 | 37113 ||| Stepping ~*~*~tactically~*~*~ (stealth).
 37114 | Depths:2 | 37114 ||| Stepping ~*~*~tactically~*~*~ (stealth).
 37127 | Depths:2 | 37127 ||| Stepping ~*~*~tactically~*~*~ (hiding).
 37146 | Depths:2 | 37146 ||| INVOKING Heroism.
 37172 | Depths:2 | 37172 ||| Stepping ~*~*~tactically~*~*~ (hiding).
 37178 | Depths:2 | 37178 ||| INVOKING Heroism.
 37180 | Depths:2 | 37180 ||| Stepping ~*~*~tactically~*~*~ (stealth).
 37198 | Depths:2 | 37198 ||| Stepping ~*~*~tactically~*~*~ (stealth).
 37203 | Depths:2 | 37203 ||| INVOKING Finesse.
 37217 | Depths:2 | Received a gift from Okawaru
 37497 | Depths:3 | 37497 ||| INVOKING Heroism.
 37501 | Depths:3 | 37501 ||| STAIRDANCE
 37511 | Depths:3 | 37511 ||| STAIRDANCE
 37516 | Depths:3 | 37516 ||| STAIRDANCE
 37533 | Depths:3 | 37533 ||| STAIRDANCE
 37571 | Depths:3 | 37571 ||| Stepping ~*~*~tactically~*~*~ (hiding).
 37583 | Depths:3 | 37583 ||| Stepping ~*~*~tactically~*~*~ (hiding).
 37606 | Depths:3 | 37606 ||| Stepping ~*~*~tactically~*~*~ (hiding).
 37616 | Depths:3 | 37616 ||| INVOKING Heroism.
 37621 | Depths:3 | Identified the +1 shadow dragon scales of Negligence {rF-
                  | rCorr Slay+3 Stlth++++}
 37650 | Depths:3 | 37650 ||| INVOKING Heroism.
 37743 | Depths:3 | Found a basalt altar of Yredelemnul.
 37753 | Depths:3 | Identified the +4 chain mail of the Poles {Stlth+}
 37814 | Depths:3 | 37814 ||| INVOKING Heroism.
 37815 | Depths:3 | 37815 ||| INVOKING Finesse.
 37859 | Depths:3 | Identified the +1 animal skin of Forking Paths {Dex+7
                  | Stlth-} (Okawaru gifted it to you on level 3 of the Depths)
 37859 | Depths:3 | Received a gift from Okawaru
 37904 | Depths:3 | Reached skill level 21 in Fighting
 37920 | Depths:3 | 37920 ||| INVOKING Heroism.
 38013 | Depths:3 | 38013 ||| INVOKING Finesse.
 38021 | Depths:3 | 38021 ||| INVOKING Heroism.
 38036 | Depths:3 | Reached XP level 23. HP: 158/160 MP: 24/30
 38106 | Depths:3 | 38106 ||| DROPPING +0 acid dragon scales.
 38107 | Depths:3 | 38107 ||| READING 10 scrolls of teleportation.
 38172 | Depths:3 | 38172 ||| Stepping ~*~*~tactically~*~*~ (hiding).
 38278 | Depths:3 | 38278 ||| INVOKING Heroism.
 38362 | Depths:3 | Found a one-way gate to the infinite horrors of the Abyss.
 38368 | Depths:3 | 38368 ||| DROPPING amulet of the acrobat.
 38499 | Depths:3 | Found a broken altar of Ashenzari.
 38507 | Depths:3 | 38507 ||| READING 9 scrolls of teleportation.
 38690 | Depths:4 | 38690 ||| INVOKING Heroism.
 38691 | Depths:4 | 38691 ||| INVOKING Finesse.
 38692 | Depths:4 | 38692 ||| INVOKING Finesse.
 38714 | Depths:4 | Reached skill level 12 in Throwing
 38759 | Depths:4 | 38759 ||| Stepping ~*~*~tactically~*~*~ (hiding).
 38795 | Depths:4 | 38795 ||| Stepping ~*~*~tactically~*~*~ (stealth).
 38797 | Depths:4 | 38797 ||| Stepping ~*~*~tactically~*~*~ (stealth).
 38799 | Depths:4 | 38799 ||| Stepping ~*~*~tactically~*~*~ (hiding).
 38919 | Depths:4 | 38919 ||| INVOKING Heroism.
 38978 | Depths:4 | 38978 ||| Stepping ~*~*~tactically~*~*~ (hiding).
 39033 | Depths:4 | Noticed a juggernaut
 39034 | Depths:4 | 39034 ||| INVOKING Heroism.
 39052 | Depths:4 | Killed a juggernaut
 39092 | Depths:4 | 39092 ||| Stepping ~*~*~tactically~*~*~ (hiding).
 39298 | Depths:4 | Found a corrupted altar of Lugonu.
 39360 | Depths:4 | Noticed a juggernaut
 39361 | Depths:4 | 39361 ||| INVOKING Heroism.
 39379 | Depths:4 | Killed a juggernaut
 39379 | Depths:4 | Received a gift from Okawaru
 39638 | Depths:4 | 39638 ||| INVOKING Heroism.
 39743 | Depths:4 | 39743 ||| Stepping ~*~*~tactically~*~*~ (hiding).
 39744 | Depths:4 | 39744 ||| Stepping ~*~*~tactically~*~*~ (hiding).
 39770 | Depths:4 | 39770 ||| INVOKING Heroism.
 39774 | Depths:4 | Noticed a golden dragon
 39777 | Depths:4 | 39777 ||| Stepping ~*~*~tactically~*~*~ (hiding).
 39804 | Depths:4 | Killed a golden dragon
 39804 | Depths:4 | Received a gift from Okawaru
 39835 | Depths:4 | 39835 ||| Stepping ~*~*~tactically~*~*~ (hiding).
 39899 | Depths:4 | Found a gate to the Realm of Zot.
 39908 | Depths:4 | 39908 ||| PLANNING VAULTS:5
 39908 | Depths:4 | 39908 ||| DROPPING +0 cloak.
 39909 | Depths:4 | 39909 ||| DROPPING scarf of invisibility.
 39910 | Depths:4 | 39910 ||| UPGRADING to +1 cloak.
 39920 | Depths:4 | 39920 ||| READING 5 scrolls of enchant armour.
 39920 | Depths:4 | 39920 ||| ENCHANTING +1 cloak.
 40229 | Vaults:5 | Entered Level 5 of the Vaults
 40230 | Vaults:5 | 40230 ||| INVOKING Heroism.
 40231 | Vaults:5 | 40231 ||| STAIRDANCE
 40251 | Vaults:5 | 40251 ||| STAIRDANCE
 40251 | Vaults:5 | Noticed a dread lich
 40267 | Vaults:4 | Received a gift from Okawaru
 40280 | Vaults:4 | 40280 ||| UPGRADING to +1 plate armour of Mumblety Peg
                  | {Will+++ Str+3 Dex-2 SInv}.
 40290 | Vaults:4 | 40290 ||| REMOVING ring of see invisible.
 40291 | Vaults:4 | 40291 ||| UPGRADING to ring of resist corrosion.
 40292 | Vaults:4 | 40292 ||| UPGRADING to +6 ring of strength.
 40297 | Vaults:5 | 40297 ||| STAIRDANCE
 40299 | Vaults:4 | 40299 ||| INVOKING Finesse.
 40304 | Vaults:4 | 40304 ||| INVOKING Heroism.
 40316 | Vaults:4 | Killed a dread lich
 40317 | Vaults:4 | Reached skill level 6 in Dodging
 40349 | Vaults:5 | 40349 ||| INVOKING Heroism.
 40353 | Vaults:5 | Received a gift from Okawaru
 40395 | Vaults:5 | 40395 ||| DRINKING 17 potions of curing.
 40395 | Vaults:5 | 40395 ||| (to cure confusion)
 40397 | Vaults:5 | 40397 ||| DRINKING 16 potions of curing.
 40397 | Vaults:5 | 40397 ||| (to cure confusion)
 40399 | Vaults:5 | 40399 ||| INVOKING Heroism.
 40434 | Vaults:5 | 40434 ||| Stepping ~*~*~tactically~*~*~ (stealth).
 40439 | Vaults:5 | Received a gift from Okawaru
 40451 | Vaults:5 | 40451 ||| INVOKING Finesse.
 40455 | Vaults:5 | 40455 ||| INVOKING Heroism.
 40475 | Vaults:5 | Received a gift from Okawaru
 40504 | Vaults:5 | 40504 ||| Stepping ~*~*~tactically~*~*~ (hiding).
 40532 | Vaults:5 | 40532 ||| Stepping ~*~*~tactically~*~*~ (hiding).
 40536 | Vaults:5 | 40536 ||| Stepping ~*~*~tactically~*~*~ (hiding).
 40546 | Vaults:5 | Reached skill level 21 in Armour
 40563 | Vaults:5 | Reached XP level 24. HP: 168/168 MP: 30/30
 40563 | Vaults:5 | 40563 ||| INVOKING Heroism.
 40564 | Vaults:5 | 40564 ||| INVOKING Finesse.
 40578 | Vaults:5 | 40578 ||| STAIRDANCE
 40609 | Vaults:5 | 40609 ||| STAIRDANCE
 40640 | Vaults:5 | 40640 ||| Stepping ~*~*~tactically~*~*~ (hiding).
 40642 | Vaults:5 | 40642 ||| Stepping ~*~*~tactically~*~*~ (hiding).
 40732 | Vaults:5 | Found Ommaonei's Assorted Antiques.
 40745 | Vaults:5 | 40745 ||| BUYING potion of might (116 gold).
 40745 | Vaults:5 | Bought a potion of might for 116 gold pieces
 40978 | Vaults:5 | 40978 ||| Stepping ~*~*~tactically~*~*~ (stealth).
 40979 | Vaults:5 | 40979 ||| INVOKING Finesse.
 41018 | Vaults:5 | Identified the +12 great sword of Yseheg Ymar {elec, rC++}
 41134 | Vaults:5 | 41134 ||| Stepping ~*~*~tactically~*~*~ (stealth).
 41135 | Vaults:5 | 41135 ||| Stepping ~*~*~tactically~*~*~ (stealth).
 41140 | Vaults:5 | Received a gift from Okawaru
 41209 | Vaults:5 | 41209 ||| INVOKING Heroism.
 41240 | Vaults:5 | 41240 ||| Stepping ~*~*~tactically~*~*~ (hiding).
 41263 | Vaults:5 | 41263 ||| INVOKING Heroism.
 41305 | Vaults:5 | Identified the +2 ring mail of Restlessness {Str+7}
 41467 | Vaults:5 | 41467 ||| Stepping ~*~*~tactically~*~*~ (stealth).
 41469 | Vaults:5 | 41469 ||| Stepping ~*~*~tactically~*~*~ (hiding).
 41471 | Vaults:5 | 41471 ||| Stepping ~*~*~tactically~*~*~ (hiding).
 41601 | Vaults:5 | Got a silver rune of Zot
 41679 | Vaults:5 | 41679 ||| Stepping ~*~*~tactically~*~*~ (hiding).
 41680 | Vaults:5 | 41680 ||| Stepping ~*~*~tactically~*~*~ (hiding).
 41693 | Vaults:5 | 41693 ||| Stepping ~*~*~tactically~*~*~ (hiding).
 41812 | Vaults:5 | 41812 ||| PLANNING SHOPPING SPREE
 41812 | Vaults:5 | 41812 ||| DROPPING +0 tower shield of poison resistance.
 41813 | Vaults:5 | 41813 ||| DROPPING scarf of resistance.
 41814 | Vaults:5 | 41814 ||| DROPPING ring of wizardry.
 41815 | Vaults:5 | 41815 ||| PLANNING ZOT:1-4
 42155 | Zot:1    | Entered Level 1 of the Realm of Zot
 42156 | Zot:1    | 42156 ||| INVOKING Heroism.
 42224 | Zot:1    | 42224 ||| Stepping ~*~*~tactically~*~*~ (hiding).
 42227 | Zot:1    | 42227 ||| Stepping ~*~*~tactically~*~*~ (hiding).
 42228 | Zot:1    | 42228 ||| Stepping ~*~*~tactically~*~*~ (hiding).
 42248 | Zot:1    | 42248 ||| Stepping ~*~*~tactically~*~*~ (stealth).
 42252 | Zot:1    | 42252 ||| INVOKING Heroism.
 42276 | Zot:1    | 42276 ||| INVOKING Heroism.
 42332 | Zot:1    | 42332 ||| Stepping ~*~*~tactically~*~*~ (hiding).
 42341 | Zot:1    | 42341 ||| INVOKING Heroism.
 42433 | Zot:1    | 42433 ||| INVOKING Heroism.
 42865 | Zot:1    | 42865 ||| INVOKING Heroism.
 43088 | Zot:1    | 43088 ||| INVOKING Heroism.
 43237 | Zot:1    | 43237 ||| Stepping ~*~*~tactically~*~*~ (hiding).
 43242 | Zot:1    | 43242 ||| INVOKING Heroism.
 43262 | Zot:1    | 43262 ||| Stepping ~*~*~tactically~*~*~ (hiding).
 43274 | Zot:1    | Received a gift from Okawaru
 43373 | Zot:1    | 43373 ||| INVOKING Heroism.
 43424 | Zot:1    | Identified the +4 arbalest "Gedwuyj" {freeze, rF+}
 43440 | Zot:1    | 43440 ||| Stepping ~*~*~tactically~*~*~ (hiding).
 43605 | Zot:1    | 43605 ||| UPGRADING to +0 hat of Gyinog {rElec rF+++}.
 43651 | Zot:2    | Identified the +6 chain mail "Nammid" {Regen+ Int+7 Dex-2
                  | Slay-4}
 43656 | Zot:2    | 43656 ||| INVOKING Heroism.
 43677 | Zot:2    | 43677 ||| DRINKING 2 potions of cancellation.
 43681 | Zot:2    | Received a gift from Okawaru
 43687 | Zot:2    | Reached XP level 25. HP: 146/176 MP: 30/30
 43695 | Zot:2    | 43695 ||| INVOKING Heroism.
 43721 | Zot:2    | Received a gift from Okawaru
 43734 | Zot:2    | 43734 ||| DROPPING +0 broad axe of freezing.
 43750 | Zot:2    | Noticed a Killer Klown
 43798 | Zot:2    | 43798 ||| Stepping ~*~*~tactically~*~*~ (hiding).
 43829 | Zot:2    | 43829 ||| Stepping ~*~*~tactically~*~*~ (hiding).
 43830 | Zot:2    | 43830 ||| Stepping ~*~*~tactically~*~*~ (hiding).
 43831 | Zot:2    | 43831 ||| Stepping ~*~*~tactically~*~*~ (hiding).
 43839 | Zot:2    | 43839 ||| Stepping ~*~*~tactically~*~*~ (hiding).
 43840 | Zot:2    | 43840 ||| Stepping ~*~*~tactically~*~*~ (hiding).
 43841 | Zot:2    | 43841 ||| Stepping ~*~*~tactically~*~*~ (hiding).
 43842 | Zot:2    | 43842 ||| INVOKING Heroism.
 44169 | Zot:2    | 44169 ||| FLEEEEING.
 44172 | Zot:2    | 44172 ||| FLEEEEING.
 44173 | Zot:2    | 44173 ||| FLEEEEING.
 44174 | Zot:2    | 44174 ||| FLEEEEING.
 44175 | Zot:2    | 44175 ||| FLEEEEING.
 44176 | Zot:2    | 44176 ||| FLEEEEING.
 44177 | Zot:2    | 44177 ||| FLEEEEING.
 44178 | Zot:2    | 44178 ||| FLEEEEING.
 44179 | Zot:2    | 44179 ||| FLEEEEING.
 44192 | Zot:2    | Reached skill level 24 in Fighting
 44218 | Zot:2    | 44218 ||| Stepping ~*~*~tactically~*~*~ (hiding).
 44225 | Zot:2    | 44225 ||| INVOKING Heroism.
 44338 | Zot:2    | Found a transporter.
 44339 | Zot:2    | Noticed Emnejil's ghost (master VSBe)
 44342 | Zot:2    | Found a transporter.
 44345 | Zot:2    | Noticed a dread lich
 44349 | Zot:2    | 44349 ||| Stepping ~*~*~tactically~*~*~ (hiding).
 44350 | Zot:2    | 44350 ||| Stepping ~*~*~tactically~*~*~ (hiding).
 44352 | Zot:2    | 44352 ||| INVOKING Heroism.
 44573 | Zot:2    | Noticed a Killer Klown
 44707 | Zot:3    | 44707 ||| INVOKING Heroism.
 44713 | Zot:3    | Noticed an orb of fire
 44714 | Zot:3    | 44714 ||| INVOKING Finesse.
 44721 | Zot:3    | Gained mutation: Your spells are a little easier to cast,
                  | but a little less powerful. [an orb of fire]
 44737 | Zot:3    | 44737 ||| INVOKING Heroism.
 44749 | Zot:3    | Gained mutation: You sometimes lose your temper in combat.
                  | [an orb of fire]
 44752 | Zot:3    | Killed an orb of fire
 44766 | Zot:3    | 44766 ||| FLEEEEING.
 44767 | Zot:3    | 44767 ||| FLEEEEING.
 44768 | Zot:3    | 44768 ||| FLEEEEING.
 44769 | Zot:3    | 44769 ||| STAIRDANCE
 44871 | Zot:2    | 44871 ||| DRINKING 4 potions of mutation.
 44871 | Zot:2    | Lost mutation: Your spells are a little easier to cast, but
                  | a little less powerful. [potion of mutation]
 44871 | Zot:2    | Lost mutation: You sometimes lose your temper in combat.
                  | [potion of mutation]
 44871 | Zot:2    | Gained mutation: You have sharp toenails. [potion of
                  | mutation]
 44871 | Zot:2    | Gained mutation: You are partially covered in iridescent
                  | scales. (AC +2) [potion of mutation]
 44871 | Zot:2    | Gained mutation: Your muscles are strong. (Str +4, Int/Dex
                  | -1) [potion of mutation]
 45110 | Zot:3    | Noticed an orb of fire
 45111 | Zot:3    | 45111 ||| INVOKING Heroism.
 45112 | Zot:3    | 45112 ||| INVOKING Finesse.
 45124 | Zot:3    | Gained mutation: Your spells are a little easier to cast,
                  | but a little less powerful. [an orb of fire]
 45141 | Zot:3    | Killed an orb of fire
 45266 | Zot:3    | 45266 ||| Stepping ~*~*~tactically~*~*~ (hiding).
 45274 | Zot:3    | 45274 ||| INVOKING Heroism.
 45278 | Zot:3    | Received a gift from Okawaru
 45312 | Zot:3    | 45312 ||| Stepping ~*~*~tactically~*~*~ (hiding).
 45313 | Zot:3    | 45313 ||| Stepping ~*~*~tactically~*~*~ (hiding).
 45315 | Zot:3    | 45315 ||| Stepping ~*~*~tactically~*~*~ (hiding).
 45316 | Zot:3    | 45316 ||| Stepping ~*~*~tactically~*~*~ (hiding).
 45317 | Zot:3    | 45317 ||| Stepping ~*~*~tactically~*~*~ (hiding).
 45318 | Zot:3    | 45318 ||| Stepping ~*~*~tactically~*~*~ (hiding).
 45319 | Zot:3    | 45319 ||| Stepping ~*~*~tactically~*~*~ (hiding).
 45320 | Zot:3    | 45320 ||| Stepping ~*~*~tactically~*~*~ (hiding).
 45514 | Zot:4    | 45514 ||| Stepping ~*~*~tactically~*~*~ (stealth).
 45534 | Zot:4    | 45534 ||| INVOKING Heroism.
 45568 | Zot:4    | 45568 ||| INVOKING Heroism.
 45689 | Zot:4    | 45689 ||| Stepping ~*~*~tactically~*~*~ (hiding).
 45690 | Zot:4    | 45690 ||| Stepping ~*~*~tactically~*~*~ (hiding).
 45693 | Zot:4    | 45693 ||| INVOKING Heroism.
 45755 | Zot:4    | 45755 ||| Stepping ~*~*~tactically~*~*~ (hiding).
 45768 | Zot:4    | 45768 ||| INVOKING Heroism.
 45880 | Zot:4    | 45880 ||| Stepping ~*~*~tactically~*~*~ (stealth).
 45882 | Zot:4    | 45882 ||| INVOKING Heroism.
 46039 | Zot:4    | 46039 ||| Stepping ~*~*~tactically~*~*~ (hiding).
 46043 | Zot:4    | 46043 ||| INVOKING Heroism.
 46098 | Zot:4    | 46098 ||| INVOKING Heroism.
 46114 | Zot:4    | Received a gift from Okawaru
 46169 | Zot:4    | Paralysed by a Zot trap for 5 turns
 46219 | Zot:4    | 46219 ||| PLANNING THE SHINING ONE WORSHIP
 46219 | Zot:4    | 46219 ||| UPGRADING to +1 helmet.
 46229 | Zot:4    | 46229 ||| UPGRADING to +2 helmet.
 46239 | Zot:4    | 46239 ||| DROPPING +1 helmet.
 46510 | Depths:1 | Fell from the grace of Okawaru
 46510 | Depths:1 | Became a worshipper of the Shining One
 46511 | Depths:1 | 46511 ||| PLANNING CRYPT
 46511 | Depths:1 | 46511 ||| SWAPPING to +1 broad axe of Gozag, Shifting
                  | {holy, rElec Dex+4}.
 46512 | Depths:1 | 46512 ||| DROPPING +5 war axe of Extermination {vamp, rF+}.
 46566 | Depths:1 | 46566 ||| DROPPING +0 broad axe of flaming.
 46567 | Depths:1 | 46567 ||| UPGRADING to +0 hat of Gyinog {rElec rF+++}.
 46799 | Crypt:1  | Entered Level 1 of the Crypt
 46816 | Crypt:1  | 46816 ||| Stepping ~*~*~tactically~*~*~ (hiding).
 46817 | Crypt:1  | 46817 ||| Stepping ~*~*~tactically~*~*~ (hiding).
 47012 | Crypt:1  | Reached * piety under the Shining One
 47033 | Crypt:1  | 47033 ||| Stepping ~*~*~tactically~*~*~ (hiding).
 47201 | Crypt:1  | Reached ** piety under the Shining One
 47208 | Crypt:1  | 47208 ||| DROPPING ring of see invisible.
 47236 | Crypt:1  | Reached *** piety under the Shining One
 47252 | Crypt:1  | Reached skill level 12 in Invocations
 47307 | Crypt:1  | 47307 ||| READING scroll of acquirement.
 47307 | Crypt:1  | 47307 ||| ACQUIRING +4 broad axe "Itits" {spect, Fragile
                  | rElec rC+ Int+7}
 47307 | Crypt:1  | Acquired the +4 broad axe "Itits" {spect, Fragile rElec rC+
                  | Int+7}
 47453 | Crypt:1  | 47453 ||| Stepping ~*~*~tactically~*~*~ (hiding).
 47454 | Crypt:1  | 47454 ||| Stepping ~*~*~tactically~*~*~ (hiding).
 47517 | Crypt:1  | 47517 ||| INVOKING Cleansing Flame.
 47520 | Crypt:1  | HP: 45/181 [deep elf master archer/arrow[the fury of
                  | Okawaru] (28)]
 47521 | Crypt:1  | 47521 ||| READING 16 scrolls of teleportation.
 47522 | Crypt:1  | 47522 ||| DRINKING 7 potions of heal wounds.
 47726 | Crypt:1  | 47726 ||| UPGRADING to +9 plate armour "Zuat" {rElec rPois
                  | Int+10 Dex-2}.
 47736 | Crypt:1  | 47736 ||| DROPPING +1 plate armour of Mumblety Peg {Will+++
                  | Str+3 Dex-2 SInv}.
 47768 | Crypt:2  | 47768 ||| STAIRDANCE
 47795 | Crypt:2  | 47795 ||| Stepping ~*~*~tactically~*~*~ (hiding).
 47855 | Crypt:2  | Reached XP level 26. HP: 188/188 MP: 32/32
 47871 | Crypt:2  | Reached **** piety under the Shining One
 48019 | Crypt:2  | 48019 ||| Stepping ~*~*~tactically~*~*~ (hiding).
 48112 | Crypt:2  | 48112 ||| Stepping ~*~*~tactically~*~*~ (hiding).
 48261 | Crypt:2  | 48261 ||| Stepping ~*~*~tactically~*~*~ (hiding).
 48263 | Crypt:2  | 48263 ||| Stepping ~*~*~tactically~*~*~ (hiding).
 48304 | Crypt:2  | 48304 ||| Stepping ~*~*~tactically~*~*~ (hiding).
 48305 | Crypt:2  | 48305 ||| Stepping ~*~*~tactically~*~*~ (hiding).
 48607 | Crypt:2  | Identified the +10 great sword of the Lair of Beasts
                  | {vorpal, Will+ Str+4 SInv}
 48625 | Crypt:2  | Reached ***** piety under the Shining One
 48664 | Crypt:2  | 48664 ||| UPGRADING to +4 ring of protection.
 48666 | Crypt:2  | 48666 ||| DROPPING +6 ring of strength.
 48684 | Crypt:3  | Entered Level 3 of the Crypt
 48700 | Crypt:3  | 48700 ||| INVOKING Summon Divine Warrior.
 48706 | Crypt:3  | 48706 ||| INVOKING Cleansing Flame.
 48994 | Crypt:3  | 48994 ||| INVOKING Cleansing Flame.
 48995 | Crypt:3  | 48995 ||| INVOKING Cleansing Flame.
 49000 | Crypt:3  | 49000 ||| INVOKING Cleansing Flame.
 49001 | Crypt:3  | 49001 ||| INVOKING Cleansing Flame.
 49006 | Crypt:3  | 49006 ||| INVOKING Cleansing Flame.
 49007 | Crypt:3  | 49007 ||| INVOKING Cleansing Flame.
 49213 | Crypt:3  | 49213 ||| INVOKING Cleansing Flame.
 49342 | Crypt:3  | Found a staircase to the Tomb.
 49467 | Crypt:3  | Reached ****** piety under the Shining One
 49469 | Crypt:3  | Noticed a royal mummy
 49476 | Crypt:3  | 49476 ||| INVOKING Cleansing Flame.
 49477 | Crypt:3  | 49477 ||| INVOKING Cleansing Flame.
 49478 | Crypt:3  | 49478 ||| INVOKING Cleansing Flame.
 49478 | Crypt:3  | Killed a royal mummy
 49479 | Crypt:3  | Reached skill level 15 in Invocations
 49482 | Crypt:3  | 49482 ||| INVOKING Cleansing Flame.
 49483 | Crypt:3  | 49483 ||| INVOKING Cleansing Flame.
 49569 | Crypt:3  | 49569 ||| INVOKING Brand Weapon With Holy Wrath.
 49569 | Crypt:3  | Identified a +4 broad axe of holy wrath (a +2 vorpal broad
                  | axe blessed by the Shining One)
 49569 | Crypt:3  | Received a gift from the Shining One
 49570 | Crypt:3  | 49570 ||| SWAPPING to +4 broad axe of holy wrath.
 49571 | Crypt:3  | 49571 ||| DROPPING +1 broad axe of Gozag, Shifting {holy,
                  | rElec Dex+4}.
 49572 | Crypt:3  | 49572 ||| READING 9 scrolls of enchant weapon.
 49572 | Crypt:3  | 49572 ||| ENCHANTING +4 broad axe of holy wrath.
 49573 | Crypt:3  | 49573 ||| READING 8 scrolls of enchant weapon.
 49573 | Crypt:3  | 49573 ||| ENCHANTING +5 broad axe of holy wrath.
 49574 | Crypt:3  | 49574 ||| READING 7 scrolls of enchant weapon.
 49574 | Crypt:3  | 49574 ||| ENCHANTING +6 broad axe of holy wrath.
 49575 | Crypt:3  | 49575 ||| READING 6 scrolls of enchant weapon.
 49575 | Crypt:3  | 49575 ||| ENCHANTING +7 broad axe of holy wrath.
 49576 | Crypt:3  | 49576 ||| READING 5 scrolls of enchant weapon.
 49576 | Crypt:3  | 49576 ||| ENCHANTING +8 broad axe of holy wrath.
 49698 | Crypt:3  | Identified the ring "Naeq Suonk" {rC+ rN+ MP+9 Dex+4}
 49817 | Crypt:3  | Identified the ring of Cuases {rPois Dex+2}
 50047 | Crypt:3  | Identified the ring of Qorru {rN+ Will+}
 50052 | Crypt:3  | 50052 ||| PLANNING TOMB
 50052 | Crypt:3  | 50052 ||| DROPPING ring of Cuases {rPois Dex+2}.
 50053 | Crypt:3  | 50053 ||| DROPPING ring of Qorru {rN+ Will+}.
 50105 | Tomb:1   | Entered Level 1 of the Tomb of the Ancients
 50194 | Tomb:1   | 50194 ||| INVOKING Cleansing Flame.
 50195 | Tomb:1   | 50195 ||| INVOKING Cleansing Flame.
 50304 | Tomb:1   | 50304 ||| DRINKING 23 potions of curing.
 50304 | Tomb:1   | 50304 ||| (to cure confusion)
 50304 | Tomb:1   | Paralysed by a sphinx for 4 turns
 50350 | Tomb:1   | 50350 ||| INVOKING Cleansing Flame.
 50351 | Tomb:1   | 50351 ||| INVOKING Summon Divine Warrior.
 50355 | Tomb:1   | 50355 ||| INVOKING Cleansing Flame.
 50363 | Tomb:1   | Noticed a royal mummy
 50367 | Tomb:1   | 50367 ||| INVOKING Cleansing Flame.
 50368 | Tomb:1   | 50368 ||| INVOKING Cleansing Flame.
 50371 | Tomb:1   | 50371 ||| INVOKING Cleansing Flame.
 50372 | Tomb:1   | 50372 ||| INVOKING Cleansing Flame.
 50372 | Tomb:1   | Killed a royal mummy
 50383 | Tomb:1   | 50383 ||| INVOKING Cleansing Flame.
 50384 | Tomb:1   | 50384 ||| INVOKING Cleansing Flame.
 50385 | Tomb:1   | 50385 ||| DRINKING 9 potions of magic.
 50386 | Tomb:1   | 50386 ||| INVOKING Cleansing Flame.
 50386 | Tomb:1   | HP: 47/188 [something (13)]
 50387 | Tomb:1   | 50387 ||| READING 16 scrolls of teleportation.
 50388 | Tomb:1   | 50388 ||| DRINKING 8 potions of heal wounds.
 50543 | Tomb:1   | 50543 ||| INVOKING Cleansing Flame.
 50544 | Tomb:1   | 50544 ||| INVOKING Cleansing Flame.
 50589 | Tomb:1   | 50589 ||| Stepping ~*~*~tactically~*~*~ (stealth).
 50697 | Tomb:1   | 50697 ||| Stepping ~*~*~tactically~*~*~ (stealth).
 50930 | Tomb:1   | 50930 ||| DRINKING 22 potions of curing.
 50930 | Tomb:1   | 50930 ||| (to cure confusion)
 51164 | Tomb:2   | 51164 ||| DRINKING 5 potions of haste.
 51165 | Tomb:2   | 51165 ||| DRINKING 10 potions of attraction.
 51167 | Tomb:2   | 51167 ||| INVOKING Cleansing Flame.
 51168 | Tomb:2   | Noticed a royal mummy
 51168 | Tomb:2   | Noticed a royal mummy
 51169 | Tomb:2   | 51169 ||| INVOKING Summon Divine Warrior.
 51169 | Tomb:2   | Noticed a royal mummy
 51169 | Tomb:2   | Noticed a royal mummy
 51170 | Tomb:2   | 51170 ||| INVOKING Cleansing Flame.
 51170 | Tomb:2   | Noticed a royal mummy
 51171 | Tomb:2   | 51171 ||| INVOKING Cleansing Flame.
 51172 | Tomb:2   | 51172 ||| INVOKING Cleansing Flame.
 51173 | Tomb:2   | 51173 ||| INVOKING Cleansing Flame.
 51173 | Tomb:2   | Killed a royal mummy
 51177 | Tomb:2   | Killed a royal mummy
 51177 | Tomb:2   | Killed a royal mummy
 51178 | Tomb:2   | Reached skill level 18 in Invocations
 51179 | Tomb:2   | Killed a royal mummy
 51179 | Tomb:2   | Killed a royal mummy
 51227 | Tomb:2   | 51227 ||| INVOKING Cleansing Flame.
 51633 | Tomb:2   | 51633 ||| UPGRADING to ring "Naeq Suonk" {rC+ rN+ MP+9
                  | Dex+4}.
 51721 | Tomb:1   | Noticed a royal mummy
 51722 | Tomb:1   | 51722 ||| INVOKING Summon Divine Warrior.
 51727 | Tomb:1   | 51727 ||| INVOKING Cleansing Flame.
 51728 | Tomb:1   | Killed a royal mummy
 51736 | Tomb:1   | Noticed a royal mummy
 51739 | Tomb:1   | 51739 ||| INVOKING Cleansing Flame.
 51740 | Tomb:1   | 51740 ||| INVOKING Cleansing Flame.
 51741 | Tomb:1   | 51741 ||| INVOKING Cleansing Flame.
 51742 | Tomb:1   | 51742 ||| INVOKING Cleansing Flame.
 51742 | Tomb:1   | Killed a royal mummy
 51743 | Tomb:1   | Reached XP level 27. HP: 193/193 MP: 25/36
 51746 | Tomb:1   | Noticed a royal mummy
 51748 | Tomb:1   | 51748 ||| INVOKING Cleansing Flame.
 51749 | Tomb:1   | 51749 ||| INVOKING Cleansing Flame.
 51750 | Tomb:1   | 51750 ||| INVOKING Cleansing Flame.
 51750 | Tomb:1   | Killed a royal mummy
 51753 | Tomb:1   | Noticed a royal mummy
 51754 | Tomb:1   | 51754 ||| INVOKING Cleansing Flame.
 51755 | Tomb:1   | 51755 ||| INVOKING Cleansing Flame.
 51756 | Tomb:1   | 51756 ||| INVOKING Cleansing Flame.
 51756 | Tomb:1   | Killed a royal mummy
 51916 | Tomb:1   | Noticed a royal mummy
 51917 | Tomb:1   | 51917 ||| INVOKING Summon Divine Warrior.
 51924 | Tomb:1   | 51924 ||| INVOKING Cleansing Flame.
 51925 | Tomb:1   | 51925 ||| INVOKING Cleansing Flame.
 51926 | Tomb:1   | 51926 ||| INVOKING Cleansing Flame.
 51926 | Tomb:1   | Killed a royal mummy
 51946 | Tomb:1   | Noticed a royal mummy
 51956 | Tomb:1   | Killed a royal mummy
 52013 | Tomb:1   | Noticed a royal mummy
 52013 | Tomb:1   | Noticed a royal mummy
 52014 | Tomb:1   | 52014 ||| INVOKING Cleansing Flame.
 52015 | Tomb:1   | Noticed a royal mummy
 52020 | Tomb:1   | Killed a royal mummy
 52021 | Tomb:1   | 52021 ||| INVOKING Cleansing Flame.
 52022 | Tomb:1   | 52022 ||| INVOKING Cleansing Flame.
 52025 | Tomb:1   | Killed a royal mummy
 52026 | Tomb:1   | 52026 ||| INVOKING Cleansing Flame.
 52027 | Tomb:1   | 52027 ||| INVOKING Cleansing Flame.
 52028 | Tomb:1   | 52028 ||| INVOKING Cleansing Flame.
 52028 | Tomb:1   | Killed a royal mummy
 52032 | Tomb:1   | Noticed a royal mummy
 52035 | Tomb:1   | 52035 ||| INVOKING Cleansing Flame.
 52037 | Tomb:1   | Killed a royal mummy
 52163 | Tomb:1   | Noticed a royal mummy
 52164 | Tomb:1   | 52164 ||| INVOKING Summon Divine Warrior.
 52165 | Tomb:1   | 52165 ||| INVOKING Cleansing Flame.
 52166 | Tomb:1   | 52166 ||| INVOKING Cleansing Flame.
 52166 | Tomb:1   | Noticed a royal mummy
 52167 | Tomb:1   | 52167 ||| INVOKING Cleansing Flame.
 52168 | Tomb:1   | 52168 ||| INVOKING Cleansing Flame.
 52168 | Tomb:1   | Killed a royal mummy
 52171 | Tomb:1   | Killed a royal mummy
 52199 | Tomb:1   | Noticed a royal mummy
 52202 | Tomb:1   | 52202 ||| INVOKING Cleansing Flame.
 52202 | Tomb:1   | Killed a royal mummy
 52205 | Tomb:1   | Noticed a royal mummy
 52206 | Tomb:1   | 52206 ||| INVOKING Cleansing Flame.
 52207 | Tomb:1   | 52207 ||| INVOKING Cleansing Flame.
 52211 | Tomb:1   | Killed a royal mummy
 52435 | Tomb:1   | 52435 ||| UPGRADING to +4 ring of protection.
 52613 | Tomb:2   | 52613 ||| INVOKING Cleansing Flame.
 52614 | Tomb:2   | 52614 ||| INVOKING Cleansing Flame.
 52620 | Tomb:2   | 52620 ||| INVOKING Cleansing Flame.
 52621 | Tomb:2   | 52621 ||| INVOKING Cleansing Flame.
 52627 | Tomb:2   | 52627 ||| INVOKING Summon Divine Warrior.
 52628 | Tomb:2   | 52628 ||| INVOKING Cleansing Flame.
 52635 | Tomb:2   | 52635 ||| INVOKING Cleansing Flame.
 52636 | Tomb:2   | 52636 ||| INVOKING Cleansing Flame.
 52641 | Tomb:2   | 52641 ||| INVOKING Cleansing Flame.
 52644 | Tomb:2   | Reached skill level 21 in Invocations
 52752 | Tomb:3   | Entered Level 3 of the Tomb of the Ancients
 52753 | Tomb:3   | 52753 ||| DRINKING 4 potions of haste.
 52754 | Tomb:3   | 52754 ||| DRINKING 9 potions of attraction.
 52786 | Tomb:3   | 52786 ||| INVOKING Summon Divine Warrior.
 52789 | Tomb:3   | 52789 ||| INVOKING Cleansing Flame.
 52801 | Tomb:3   | 52801 ||| INVOKING Cleansing Flame.
 52803 | Tomb:3   | 52803 ||| INVOKING Cleansing Flame.
 52804 | Tomb:3   | 52804 ||| INVOKING Cleansing Flame.
 52805 | Tomb:3   | 52805 ||| INVOKING Cleansing Flame.
 52805 | Tomb:3   | Noticed Mennas
 52806 | Tomb:3   | 52806 ||| INVOKING Cleansing Flame.
 52807 | Tomb:3   | 52807 ||| INVOKING Summon Divine Warrior.
 52813 | Tomb:3   | Noticed a royal mummy
 52815 | Tomb:3   | Noticed a royal mummy
 52818 | Tomb:3   | 52818 ||| DRINKING 21 potions of curing.
 52818 | Tomb:3   | 52818 ||| (to cure confusion)
 52818 | Tomb:3   | Noticed a royal mummy
 52818 | Tomb:3   | HP: 47/193 [Mennas/+2 sacred scourge of holy wrath (6)]
 52819 | Tomb:3   | 52819 ||| READING 15 scrolls of teleportation.
 52819 | Tomb:3   | HP: 22/193 [Mennas/+2 sacred scourge of holy wrath (20)]
 52820 | Tomb:3   | 52820 ||| DRINKING 11 potions of heal wounds.
 52821 | Tomb:3   | 52821 ||| READING 14 scrolls of teleportation.
 52822 | Tomb:3   | 52822 ||| DRINKING 10 potions of heal wounds.
 52824 | Tomb:3   | Noticed a royal mummy
 52824 | Tomb:3   | 52824 ||| Stepping ~*~*~tactically~*~*~ (hiding).
 52825 | Tomb:3   | 52825 ||| INVOKING Summon Divine Warrior.
 52826 | Tomb:3   | Noticed a royal mummy
 52834 | Tomb:3   | Killed a royal mummy
 52834 | Tomb:3   | Killed a royal mummy
 52880 | Tomb:3   | 52880 ||| INVOKING Cleansing Flame.
 52881 | Tomb:3   | 52881 ||| INVOKING Cleansing Flame.
 52885 | Tomb:3   | 52885 ||| INVOKING Summon Divine Warrior.
 52909 | Tomb:3   | Noticed a royal mummy
 52910 | Tomb:3   | Noticed a royal mummy
 52915 | Tomb:3   | Killed Mennas
 52917 | Tomb:3   | Killed a royal mummy
 52918 | Tomb:3   | 52918 ||| INVOKING Cleansing Flame.
 52920 | Tomb:3   | 52920 ||| INVOKING Cleansing Flame.
 52921 | Tomb:3   | HP: 43/193 [emperor scorpion[a royal mummy] (17)]
 52922 | Tomb:3   | 52922 ||| READING 13 scrolls of teleportation.
 52922 | Tomb:3   | Noticed a royal mummy
 52923 | Tomb:3   | 52923 ||| DRINKING 9 potions of heal wounds.
 52923 | Tomb:3   | Killed a royal mummy
 52925 | Tomb:3   | 52925 ||| INVOKING Summon Divine Warrior.
 52926 | Tomb:3   | HP: 47/193 [something (11)]
 52971 | Tomb:3   | Noticed a royal mummy
 52977 | Tomb:3   | Killed a royal mummy
 52979 | Tomb:3   | 52979 ||| INVOKING Cleansing Flame.
 52980 | Tomb:3   | 52980 ||| INVOKING Cleansing Flame.
 52981 | Tomb:3   | 52981 ||| INVOKING Cleansing Flame.
 52982 | Tomb:3   | 52982 ||| INVOKING Cleansing Flame.
 52982 | Tomb:3   | Killed a royal mummy
 52988 | Tomb:3   | 52988 ||| INVOKING Cleansing Flame.
 52989 | Tomb:3   | 52989 ||| INVOKING Cleansing Flame.
 52990 | Tomb:3   | 52990 ||| INVOKING Cleansing Flame.
 52991 | Tomb:3   | 52991 ||| INVOKING Summon Divine Warrior.
 52992 | Tomb:3   | Killed a royal mummy
 53001 | Tomb:3   | 53001 ||| INVOKING Cleansing Flame.
 53002 | Tomb:3   | 53002 ||| INVOKING Cleansing Flame.
 53002 | Tomb:3   | Killed a royal mummy
 53008 | Tomb:3   | 53008 ||| INVOKING Summon Divine Warrior.
 53011 | Tomb:3   | Killed a royal mummy
 53039 | Tomb:3   | 53039 ||| INVOKING Cleansing Flame.
 53174 | Tomb:3   | Identified the +2 pair of boots of Oluhuom {Rampage rPois
                  | Str-2 SInv}
 53212 | Tomb:3   | Identified the ring "Suyshoac" {rC+ Will- MP+9 Int+6}
 53217 | Tomb:3   | Identified the +1 glaive of Springtime {drain, Int+3}
 53218 | Tomb:3   | Identified the +9 quarterstaff of Indomitability {vorpal,
                  | Int+4}
 53223 | Tomb:3   | Identified the ring "Pualeh" {rPois Will- MP+9 Str+2 Dex+5}
 53225 | Tomb:3   | Identified the ring of Ytan {rF+ Dex+4}
 53228 | Tomb:3   | Identified the +5 war axe "Ogreslayer" {antimagic, rC- rN+
                  | Dex+3}
 53230 | Tomb:3   | Identified the +6 double sword of the Six Artisans {venom,
                  | Fragile rN+ Str+4 Stlth+}
 53244 | Tomb:3   | Identified the +2 long sword of Qazlal, Breathing {holy,
                  | *Noise rElec Will+}
 53249 | Tomb:3   | Identified the +1 plate armour "Dimed" {Int+4}
 53286 | Tomb:3   | Found the +7 sceptre of Torment {pain, torment}
 53288 | Tomb:3   | Found the +5 glaive of the Guard {elec, spectral, AC+5}
 53298 | Tomb:3   | Identified the ring "Tedoi" {Wiz Str+4 Int+4 Slay+3}
 53482 | Tomb:3   | Got a golden rune of Zot
 53508 | Tomb:3   | 53508 ||| PLANNING PAN
 53508 | Tomb:3   | 53508 ||| DROPPING +2 pair of boots of Oluhuom {Rampage
                  | rPois Str-2 SInv}.
 53509 | Tomb:3   | 53509 ||| DROPPING +0 tower shield of protection.
 53510 | Tomb:3   | 53510 ||| DROPPING ring "Pualeh" {rPois Will- MP+9 Str+2
                  | Dex+5}.
 53511 | Tomb:3   | 53511 ||| UPGRADING to ring "Tedoi" {Wiz Str+4 Int+4
                  | Slay+3}.
 53513 | Tomb:3   | 53513 ||| DROPPING +4 ring of protection.
 53933 | Pan      | Entered Pandemonium
 53947 | Pan      | 53947 ||| Stepping ~*~*~tactically~*~*~ (hiding).
 54090 | Pan      | 54090 ||| Stepping ~*~*~tactically~*~*~ (stealth).
 54091 | Pan      | 54091 ||| Stepping ~*~*~tactically~*~*~ (stealth).
 54171 | Pan      | 54171 ||| Stepping ~*~*~tactically~*~*~ (hiding).
 54172 | Pan      | 54172 ||| Stepping ~*~*~tactically~*~*~ (hiding).
 54198 | Pan      | 54198 ||| Stepping ~*~*~tactically~*~*~ (stealth).
 54209 | Pan      | 54209 ||| INVOKING Cleansing Flame.
 54210 | Pan      | 54210 ||| INVOKING Summon Divine Warrior.
 54261 | Pan      | Noticed Kozus the pandemonium lord
 54264 | Pan      | 54264 ||| INVOKING Cleansing Flame.
 54265 | Pan      | 54265 ||| INVOKING Cleansing Flame.
 54272 | Pan      | Killed Kozus the pandemonium lord
 54527 | Pan      | 54527 ||| Stepping ~*~*~tactically~*~*~ (hiding).
 54541 | Pan      | 54541 ||| Stepping ~*~*~tactically~*~*~ (hiding).
 54553 | Pan      | Reached skill level 24 in Invocations
 54570 | Pan      | 54570 ||| Stepping randomly (cloudy).
 54588 | Pan      | 54588 ||| Stepping ~*~*~tactically~*~*~ (stealth).
 54589 | Pan      | Noticed Uppotow the pandemonium lord
 54591 | Pan      | 54591 ||| DRINKING 6 potions of resistance.
 54592 | Pan      | 54592 ||| INVOKING Summon Divine Warrior.
 54598 | Pan      | 54598 ||| Stepping ~*~*~tactically~*~*~ (hiding).
 54599 | Pan      | 54599 ||| INVOKING Cleansing Flame.
 54600 | Pan      | 54600 ||| INVOKING Summon Divine Warrior.
 54603 | Pan      | 54603 ||| INVOKING Cleansing Flame.
 54607 | Pan      | Killed Uppotow the pandemonium lord
 54614 | Pan      | 54614 ||| INVOKING Cleansing Flame.
 54763 | Pan      | Was forgiven by Okawaru
 54809 | Pan      | 54809 ||| Stepping ~*~*~tactically~*~*~ (stealth).
 54810 | Pan      | 54810 ||| Stepping ~*~*~tactically~*~*~ (stealth).
 54812 | Pan      | 54812 ||| Stepping ~*~*~tactically~*~*~ (hiding).
 54814 | Pan      | 54814 ||| Stepping ~*~*~tactically~*~*~ (hiding).
 54953 | Pan      | 54953 ||| Stepping ~*~*~tactically~*~*~ (stealth).
 54954 | Pan      | 54954 ||| Stepping ~*~*~tactically~*~*~ (stealth).
 55031 | Pan      | 55031 ||| Stepping ~*~*~tactically~*~*~ (stealth).
 55035 | Pan      | 55035 ||| Stepping ~*~*~tactically~*~*~ (hiding).
 55069 | Pan      | 55069 ||| Stepping ~*~*~tactically~*~*~ (stealth).
 55078 | Pan      | 55078 ||| Stepping ~*~*~tactically~*~*~ (stealth).
 55079 | Pan      | 55079 ||| Stepping ~*~*~tactically~*~*~ (stealth).
 55081 | Pan      | 55081 ||| Stepping ~*~*~tactically~*~*~ (hiding).
 55082 | Pan      | 55082 ||| DRINKING 5 potions of resistance.
 55083 | Pan      | 55083 ||| INVOKING Cleansing Flame.
 55084 | Pan      | 55084 ||| INVOKING Summon Divine Warrior.
 55304 | Pan      | 55304 ||| INVOKING Cleansing Flame.
 55455 | Pan      | 55455 ||| INVOKING Summon Divine Warrior.
 55467 | Pan      | Gained mutation: You are dopey. (Int -2) [a neqoxec]
 55559 | Pan      | 55559 ||| Stepping ~*~*~tactically~*~*~ (stealth).
 55615 | Pan      | 55615 ||| Stepping ~*~*~tactically~*~*~ (stealth).
 55625 | Pan      | 55625 ||| Stepping ~*~*~tactically~*~*~ (stealth).
 55689 | Pan      | 55689 ||| INVOKING Cleansing Flame.
 55727 | Pan      | 55727 ||| INVOKING Summon Divine Warrior.
 55730 | Pan      | 55730 ||| INVOKING Cleansing Flame.
 55731 | Pan      | 55731 ||| INVOKING Cleansing Flame.
 55732 | Pan      | 55732 ||| INVOKING Cleansing Flame.
 55976 | Pan      | 55976 ||| DRINKING 4 potions of resistance.
 56156 | Pan      | Noticed Asajimmovve the pandemonium lord
 56159 | Pan      | 56159 ||| INVOKING Cleansing Flame.
 56160 | Pan      | 56160 ||| INVOKING Cleansing Flame.
 56165 | Pan      | Killed Asajimmovve the pandemonium lord
 56510 | Pan      | Entered the realm of Lom Lobon.
 56511 | Pan      | 56511 ||| INVOKING Summon Divine Warrior.
 56512 | Pan      | 56512 ||| INVOKING Cleansing Flame.
 56705 | Pan      | Noticed Lom Lobon
 56706 | Pan      | 56706 ||| DRINKING 3 potions of haste.
 56707 | Pan      | 56707 ||| DRINKING 9 potions of might.
 56712 | Pan      | 56712 ||| INVOKING Cleansing Flame.
 56713 | Pan      | 56713 ||| INVOKING Cleansing Flame.
 56714 | Pan      | 56714 ||| INVOKING Cleansing Flame.
 56715 | Pan      | 56715 ||| INVOKING Cleansing Flame.
 56716 | Pan      | 56716 ||| INVOKING Summon Divine Warrior.
 56718 | Pan      | 56718 ||| INVOKING Summon Divine Warrior.
 56721 | Pan      | 56721 ||| DRINKING 9 potions of magic.
 56721 | Pan      | HP: 43/193 [spore (11)]
 56722 | Pan      | 56722 ||| READING 14 scrolls of teleportation.
 56722 | Pan      | HP: 9/193 [Lom Lobon (22)]
 56723 | Pan      | 56723 ||| DRINKING 10 potions of heal wounds.
 56724 | Pan      | 56724 ||| DRINKING 9 potions of heal wounds.
 56728 | Pan      | HP: 42/193 [spore (10)]
 56729 | Pan      | 56729 ||| DRINKING 8 potions of heal wounds.
 56731 | Pan      | 56731 ||| INVOKING Summon Divine Warrior.
 57110 | Pan      | Found an exit through the horrors of the Abyss.
 57191 | Pan      | 57191 ||| Stepping ~*~*~tactically~*~*~ (hiding).
 57192 | Pan      | 57192 ||| Stepping ~*~*~tactically~*~*~ (hiding).
 57429 | Pan      | 57429 ||| Stepping ~*~*~tactically~*~*~ (stealth).
 57537 | Pan      | 57537 ||| Stepping ~*~*~tactically~*~*~ (stealth).
 57640 | Pan      | 57640 ||| Stepping ~*~*~tactically~*~*~ (hiding).
 57664 | Pan      | 57664 ||| Stepping ~*~*~tactically~*~*~ (hiding).
 57681 | Pan      | 57681 ||| DRINKING 2 potions of haste.
 57682 | Pan      | 57682 ||| INVOKING Summon Divine Warrior.
 57683 | Pan      | 57683 ||| DRINKING 8 potions of might.
 57687 | Pan      | 57687 ||| Stepping randomly (cloudy).
 57688 | Pan      | 57688 ||| Stepping randomly (cloudy).
 57701 | Pan      | 57701 ||| INVOKING Summon Divine Warrior.
 57705 | Pan      | Killed Lom Lobon
 57822 | Pan      | Got a magical rune of Zot
 57843 | Pan      | 57843 ||| DROPPING +1 helmet of intelligence.
 58066 | Pan      | 58066 ||| Stepping ~*~*~tactically~*~*~ (stealth).
 58199 | Pan      | 58199 ||| Stepping ~*~*~tactically~*~*~ (stealth).
 58380 | Pan      | 58380 ||| Stepping ~*~*~tactically~*~*~ (hiding).
 58390 | Pan      | 58390 ||| Stepping ~*~*~tactically~*~*~ (hiding).
 58396 | Pan      | 58396 ||| INVOKING Summon Divine Warrior.
 58396 | Pan      | Identified the +2 tower shield of the Cockatrice {Rampage
                  | Stlth+}
 58409 | Pan      | Noticed Muqiwkapsud the pandemonium lord
 58410 | Pan      | 58410 ||| INVOKING Cleansing Flame.
 58411 | Pan      | 58411 ||| INVOKING Cleansing Flame.
 58412 | Pan      | 58412 ||| INVOKING Cleansing Flame.
 58413 | Pan      | 58413 ||| INVOKING Cleansing Flame.
 58413 | Pan      | Killed Muqiwkapsud the pandemonium lord
 58414 | Pan      | Reached skill level 27 in Invocations
 58443 | Pan      | 58443 ||| INVOKING Summon Divine Warrior.
 58657 | Pan      | 58657 ||| INVOKING Cleansing Flame.
 58658 | Pan      | 58658 ||| INVOKING Cleansing Flame.
 58791 | Pan      | 58791 ||| INVOKING Cleansing Flame.
 58792 | Pan      | 58792 ||| INVOKING Cleansing Flame.
 58858 | Pan      | Gained mutation: You are clumsy. (Dex -2) [a cacodemon]
 58860 | Pan      | Gained mutation: You do not regenerate when monsters are
                  | visible. [a cacodemon]
 58867 | Pan      | 58867 ||| DRINKING 8 potions of mutation.
 58867 | Pan      | Lost mutation: Your muscles are strong. (Str +4, Int/Dex
                  | -1) [potion of mutation]
 58867 | Pan      | Lost mutation: You do not regenerate when monsters are
                  | visible. [potion of mutation]
 58867 | Pan      | Lost mutation: You are partially covered in iridescent
                  | scales. (AC +2) [potion of mutation]
 58925 | Pan      | 58925 ||| Stepping ~*~*~tactically~*~*~ (hiding).
 59089 | Pan      | 59089 ||| INVOKING Summon Divine Warrior.
 59092 | Pan      | 59092 ||| INVOKING Cleansing Flame.
 59118 | Pan      | 59118 ||| INVOKING Cleansing Flame.
 59125 | Pan      | Noticed Vaostumn the pandemonium lord
 59126 | Pan      | 59126 ||| INVOKING Summon Divine Warrior.
 59133 | Pan      | Killed Vaostumn the pandemonium lord
 59505 | Pan      | Got a demonic rune of Zot
 59516 | Pan      | 59516 ||| Stepping ~*~*~tactically~*~*~ (hiding).
 59544 | Pan      | 59544 ||| Stepping ~*~*~tactically~*~*~ (stealth).
 59560 | Pan      | 59560 ||| Stepping ~*~*~tactically~*~*~ (stealth).
 59569 | Pan      | 59569 ||| Stepping ~*~*~tactically~*~*~ (hiding).
 59616 | Pan      | 59616 ||| DRINKING 3 potions of resistance.
 59617 | Pan      | 59617 ||| INVOKING Cleansing Flame.
 59618 | Pan      | 59618 ||| INVOKING Summon Divine Warrior.
 59669 | Pan      | Noticed Qann the pandemonium lord
 59672 | Pan      | 59672 ||| INVOKING Cleansing Flame.
 59681 | Pan      | Killed Qann the pandemonium lord
 59737 | Pan      | Gained mutation: You are frail. (-10% HP) [a cacodemon]
 59741 | Pan      | 59741 ||| DRINKING 7 potions of mutation.
 59741 | Pan      | Lost mutation: You are dopey. (Int -2) [potion of mutation]
 59741 | Pan      | Lost mutation: You are clumsy. (Dex -2) [potion of
                  | mutation]
 59741 | Pan      | Lost mutation: You have sharp toenails. [potion of
                  | mutation]
 59741 | Pan      | Gained mutation: Your mind is acute. (Int +4, Str/Dex -1)
                  | [potion of mutation]
 59741 | Pan      | Lost mutation: Your mind is acute. (Int +4, Str/Dex -1)
                  | [potion of mutation]
 59742 | Pan      | 59742 ||| DRINKING 6 potions of mutation.
 59742 | Pan      | Lost mutation: You are frail. (-10% HP) [potion of
                  | mutation]
 59742 | Pan      | Lost mutation: Your spells are a little easier to cast, but
                  | a little less powerful. [potion of mutation]
 59742 | Pan      | Gained mutation: You are clumsy. (Dex -2) [potion of
                  | mutation]
 59742 | Pan      | Gained mutation: Your spells are a little harder to cast,
                  | but a little more powerful. [potion of mutation]
 59781 | Depths:2 | Escaped Pandemonium
 59783 | Pan      | Entered Pandemonium
 59784 | Pan      | 59784 ||| Stepping ~*~*~tactically~*~*~ (hiding).
 59823 | Pan      | 59823 ||| Stepping ~*~*~tactically~*~*~ (stealth).
 59860 | Pan      | 59860 ||| Stepping ~*~*~tactically~*~*~ (hiding).
 59898 | Pan      | Entered the realm of Mnoleg.
 59903 | Pan      | 59903 ||| Stepping ~*~*~tactically~*~*~ (stealth).
 60076 | Pan      | Found an exit through the horrors of the Abyss.
 60284 | Pan      | 60284 ||| Stepping ~*~*~tactically~*~*~ (hiding).
 60331 | Pan      | 60331 ||| Stepping ~*~*~tactically~*~*~ (stealth).
 60332 | Pan      | 60332 ||| Stepping ~*~*~tactically~*~*~ (stealth).
 60355 | Pan      | 60355 ||| Stepping ~*~*~tactically~*~*~ (stealth).
 60375 | Pan      | 60375 ||| Stepping ~*~*~tactically~*~*~ (stealth).
 60377 | Pan      | 60377 ||| Stepping ~*~*~tactically~*~*~ (stealth).
 60378 | Pan      | Gained mutation: Armour fits poorly on your strangely
                  | shaped body. [a neqoxec]
 60388 | Pan      | 60388 ||| DRINKING 6 potions of mutation.
 60388 | Pan      | Lost mutation: Armour fits poorly on your strangely shaped
                  | body. [potion of mutation]
 60388 | Pan      | Lost mutation: You are clumsy. (Dex -2) [potion of
                  | mutation]
 60388 | Pan      | Lost mutation: Your spells are a little harder to cast, but
                  | a little more powerful. [potion of mutation]
 60388 | Pan      | Gained mutation: You are frail. (-10% HP) [potion of
                  | mutation]
 60388 | Pan      | Gained mutation: You have sharp fingernails. [potion of
                  | mutation]
 60389 | Pan      | 60389 ||| DRINKING 5 potions of mutation.
 60389 | Pan      | Lost mutation: You have sharp fingernails. [potion of
                  | mutation]
 60389 | Pan      | Lost mutation: You are frail. (-10% HP) [potion of
                  | mutation]
 60389 | Pan      | Gained mutation: You expend magic power (3 MP) to
                  | strengthen your wands. [potion of mutation]
 60417 | Pan      | 60417 ||| Stepping ~*~*~tactically~*~*~ (stealth).
 60420 | Pan      | Gained mutation: You are clumsy. (Dex -2) [a neqoxec]
 60459 | Pan      | 60459 ||| Stepping ~*~*~tactically~*~*~ (stealth).
 60521 | Pan      | Noticed Mnoleg
 60522 | Pan      | 60522 ||| Stepping ~*~*~tactically~*~*~ (hiding).
 60525 | Pan      | 60525 ||| Stepping ~*~*~tactically~*~*~ (hiding).
 60527 | Pan      | 60527 ||| INVOKING Summon Divine Warrior.
 60534 | Pan      | Killed Mnoleg
 60539 | Pan      | 60539 ||| INVOKING Cleansing Flame.
 60540 | Pan      | 60540 ||| INVOKING Cleansing Flame.
 60741 | Pan      | Got a glowing rune of Zot
 60802 | Pan      | Entered the realm of Gloorx Vloq.
 60806 | Pan      | 60806 ||| Stepping ~*~*~tactically~*~*~ (stealth).
 60807 | Pan      | 60807 ||| Stepping ~*~*~tactically~*~*~ (stealth).
 60814 | Pan      | 60814 ||| Stepping ~*~*~tactically~*~*~ (stealth).
 60853 | Pan      | Reached skill level 24 in Armour
 60902 | Pan      | 60902 ||| Stepping ~*~*~tactically~*~*~ (stealth).
 60939 | Pan      | 60939 ||| Stepping ~*~*~tactically~*~*~ (stealth).
 60940 | Pan      | 60940 ||| Stepping ~*~*~tactically~*~*~ (stealth).
 60941 | Pan      | Identified the +3 leather armour of Grand Intercession
                  | {rPois Dex+6}
 61037 | Pan      | 61037 ||| Stepping ~*~*~tactically~*~*~ (stealth).
 61073 | Pan      | 61073 ||| Stepping ~*~*~tactically~*~*~ (stealth).
 61090 | Pan      | Noticed Gloorx Vloq
 61091 | Pan      | 61091 ||| INVOKING Summon Divine Warrior.
 61098 | Pan      | 61098 ||| INVOKING Cleansing Flame.
 61099 | Pan      | 61099 ||| INVOKING Cleansing Flame.
 61100 | Pan      | 61100 ||| INVOKING Cleansing Flame.
 61101 | Pan      | 61101 ||| INVOKING Summon Divine Warrior.
 61109 | Pan      | Killed Gloorx Vloq
 61130 | Pan      | 61130 ||| INVOKING Cleansing Flame.
 61131 | Pan      | Reached skill level 1 in Short Blades
 61190 | Pan      | Got a dark rune of Zot
 61333 | Pan      | Entered the realm of Cerebov.
 61379 | Pan      | Found an exit through the horrors of the Abyss.
 61412 | Pan      | 61412 ||| Stepping ~*~*~tactically~*~*~ (hiding).
 61413 | Pan      | 61413 ||| Stepping ~*~*~tactically~*~*~ (hiding).
 61454 | Pan      | Reached skill level 3 in Short Blades
 61741 | Pan      | 61741 ||| Stepping ~*~*~tactically~*~*~ (hiding).
 61742 | Pan      | 61742 ||| Stepping ~*~*~tactically~*~*~ (hiding).
 61900 | Pan      | 61900 ||| Stepping ~*~*~tactically~*~*~ (hiding).
 61908 | Pan      | 61908 ||| Stepping ~*~*~tactically~*~*~ (hiding).
 61909 | Pan      | 61909 ||| Stepping ~*~*~tactically~*~*~ (hiding).
 61914 | Pan      | Identified the +8 flail "Tuseama" {flame, rN+ Int+8 Stlth+}
 61944 | Pan      | 61944 ||| Stepping ~*~*~tactically~*~*~ (hiding).
 62004 | Pan      | 62004 ||| Stepping ~*~*~tactically~*~*~ (stealth).
 62015 | Pan      | Found the +6 sword of Cerebov {flame}
 62015 | Pan      | Noticed Cerebov
 62016 | Pan      | 62016 ||| Stepping ~*~*~tactically~*~*~ (hiding).
 62020 | Pan      | 62020 ||| DRINKING potion of haste.
 62021 | Pan      | 62021 ||| INVOKING Summon Divine Warrior.
 62022 | Pan      | 62022 ||| DRINKING 7 potions of might.
 62025 | Pan      | 62025 ||| DRINKING 2 potions of resistance.
 62046 | Pan      | HP: 49/197 [balrug/divine providence[Cerebov] (14)]
 62047 | Pan      | 62047 ||| READING 17 scrolls of teleportation.
 62048 | Pan      | 62048 ||| DRINKING 9 potions of heal wounds.
 62052 | Pan      | Killed Cerebov
 62053 | Pan      | Reached skill level 27 in Fighting
 62053 | Pan      | 62053 ||| INVOKING Cleansing Flame.
 62343 | Pan      | 62343 ||| Stepping ~*~*~tactically~*~*~ (hiding).
 62349 | Pan      | 62349 ||| INVOKING Summon Divine Warrior.
 62435 | Pan      | Identified the +9 short sword of Vodka {holy, rPois}
 62589 | Pan      | Got a fiery rune of Zot
 62656 | Pan      | 62656 ||| PLANNING SLIME:5
 62656 | Pan      | 62656 ||| UPGRADING to +2 helmet.
 62666 | Pan      | 62666 ||| UPGRADING to +1 crystal plate armour "Tuxyu"
                  | {rC+}.
 62683 | Pan      | 62683 ||| UPGRADING to +1 shadow dragon scales of
                  | Negligence {rF- rCorr Slay+3 Stlth++++}.
 62705 | Depths:2 | Escaped Pandemonium
 62962 | Slime:1  | Entered Level 1 of the Pits of Slime
 63008 | Slime:1  | 63008 ||| READING 17 scrolls of teleportation.
 63009 | Slime:1  | 63009 ||| Stepping randomly (stuck).
 63010 | Slime:1  | 63010 ||| Stepping randomly (stuck).
 63011 | Slime:1  | 63011 ||| Stepping randomly (stuck).
 63036 | Slime:1  | 63036 ||| INVOKING Summon Divine Warrior.
 63040 | Slime:1  | 63040 ||| READING 16 scrolls of teleportation.
 63041 | Slime:1  | 63041 ||| Stepping randomly (stuck).
 63044 | Slime:1  | 63044 ||| READING 15 scrolls of teleportation.
 63045 | Slime:1  | 63045 ||| Stepping randomly (stuck).
 63049 | Slime:1  | 63049 ||| READING 14 scrolls of teleportation.
 63050 | Slime:1  | 63050 ||| Stepping randomly (stuck).
 63052 | Slime:1  | 63052 ||| INVOKING Summon Divine Warrior.
 63056 | Slime:1  | HP: 47/199 [acid (10)]
 63057 | Slime:1  | 63057 ||| READING 13 scrolls of teleportation.
 63058 | Slime:1  | 63058 ||| DRINKING 8 potions of heal wounds.
 63059 | Slime:1  | 63059 ||| DRINKING 7 potions of heal wounds.
 63061 | Slime:1  | 63061 ||| DRINKING 6 potions of heal wounds.
 63159 | Slime:1  | 63159 ||| READING 12 scrolls of teleportation.
 63160 | Slime:1  | 63160 ||| Stepping randomly (stuck).
 63161 | Slime:1  | 63161 ||| Stepping randomly (stuck).
 63162 | Slime:1  | 63162 ||| Stepping randomly (stuck).
 63163 | Slime:1  | 63163 ||| Stepping randomly (stuck).
 63164 | Slime:1  | 63164 ||| READING 11 scrolls of teleportation.
 63165 | Slime:1  | 63165 ||| Stepping randomly (stuck).
 63166 | Slime:1  | 63166 ||| Stepping randomly (stuck).
 63167 | Slime:1  | 63167 ||| Stepping randomly (stuck).
 63168 | Slime:1  | 63168 ||| Stepping randomly (stuck).
 63169 | Slime:1  | 63169 ||| READING 10 scrolls of teleportation.
 63170 | Slime:1  | 63170 ||| Stepping randomly (stuck).
 63171 | Slime:1  | 63171 ||| Stepping randomly (stuck).
 63286 | Slime:1  | Gained mutation: Your spells are a little easier to cast,
                  | but a little less powerful. [a shining eye]
 63287 | Slime:1  | Gained mutation: Your body sometimes deteriorates upon
                  | taking damage. [a shining eye]
 63296 | Slime:1  | 63296 ||| READING 9 scrolls of teleportation.
 63297 | Slime:1  | 63297 ||| Stepping randomly (stuck).
 63300 | Slime:1  | 63300 ||| READING 8 scrolls of teleportation.
 63301 | Slime:1  | 63301 ||| Stepping randomly (stuck).
 63302 | Slime:1  | 63302 ||| Stepping randomly (stuck).
 63304 | Slime:1  | 63304 ||| READING 7 scrolls of teleportation.
 63305 | Slime:1  | 63305 ||| Stepping randomly (stuck).
 63306 | Slime:1  | 63306 ||| Stepping randomly (stuck).
 63307 | Slime:1  | 63307 ||| Stepping randomly (stuck).
 63314 | Slime:1  | 63314 ||| READING 6 scrolls of teleportation.
 63315 | Slime:1  | 63315 ||| Stepping randomly (stuck).
 63852 | Slime:4  | 63852 ||| DRINKING 26 potions of curing.
 63852 | Slime:4  | 63852 ||| (to cure confusion)
 63871 | Slime:5  | Entered Level 5 of the Pits of Slime
 63955 | Slime:5  | Found the +8 whip "Snakebite" {venom, curare, rPois}
 63970 | Slime:5  | Noticed the Royal Jelly
 63981 | Slime:5  | 63981 ||| INVOKING Summon Divine Warrior.
 63991 | Slime:5  | 63991 ||| DRINKING 3 potions of cancellation.
 63992 | Slime:5  | 63992 ||| INVOKING Summon Divine Warrior.
 63997 | Slime:5  | 63997 ||| DRINKING 2 potions of cancellation.
 64008 | Slime:5  | HP: 33/199 [rockslime (23)]
 64009 | Slime:5  | 64009 ||| READING 5 scrolls of teleportation.
 64010 | Slime:5  | 64010 ||| DRINKING 5 potions of heal wounds.
 64014 | Slime:5  | 64014 ||| INVOKING Summon Divine Warrior.
 64022 | Slime:5  | Gained mutation: Armour fits poorly on your strangely
                  | shaped body. [a shining eye]
 64150 | Slime:5  | 64150 ||| DRINKING 5 potions of mutation.
 64150 | Slime:5  | Lost mutation: Your body sometimes deteriorates upon taking
                  | damage. [potion of mutation]
 64150 | Slime:5  | Lost mutation: You expend magic power (3 MP) to strengthen
                  | your wands. [potion of mutation]
 64150 | Slime:5  | Lost mutation: You are clumsy. (Dex -2) [potion of
                  | mutation]
 64150 | Slime:5  | Gained mutation: You are strong-willed. (Will+) [potion of
                  | mutation]
 64151 | Slime:5  | 64151 ||| DRINKING 4 potions of mutation.
 64151 | Slime:5  | Lost mutation: Armour fits poorly on your strangely shaped
                  | body. [potion of mutation]
 64151 | Slime:5  | Lost mutation: You are strong-willed. (Will+) [potion of
                  | mutation]
 64151 | Slime:5  | Lost mutation: Your spells are a little easier to cast, but
                  | a little less powerful. [potion of mutation]
 64151 | Slime:5  | Gained mutation: You are robust. (+10% HP) [potion of
                  | mutation]
 64187 | Slime:5  | Killed the Royal Jelly
 64195 | Slime:5  | 64195 ||| INVOKING Summon Divine Warrior.
 64196 | Slime:5  | HP: 51/218 [acid blob (19)]
 64197 | Slime:5  | 64197 ||| READING 4 scrolls of teleportation.
 64198 | Slime:5  | 64198 ||| DRINKING 4 potions of heal wounds.
 64199 | Slime:5  | 64199 ||| DRINKING 3 potions of heal wounds.
 64200 | Slime:5  | 64200 ||| READING 3 scrolls of teleportation.
 64200 | Slime:5  | HP: 25/218 [acid blob (14)]
 64200 | Slime:5  | HP: 2/218 [rockslime[the Royal Jelly] (15)]
 64201 | Slime:5  | 64201 ||| DRINKING 2 potions of heal wounds.
 64202 | Slime:5  | 64202 ||| DRINKING potion of heal wounds.
 64205 | Slime:5  | HP: 36/218 [acid (7)]
 64209 | Slime:5  | 64209 ||| READING 2 scrolls of teleportation.
 64210 | Slime:5  | HP: 16/218 [acid (6)]
 64212 | Slime:5  | HP: 7/218 [acid (4)]
 64213 | Slime:5  | The Shining One protects you from harm!
 64214 | Slime:5  | HP: 2/218 [acid (7)]
 64215 | Slime:5  | 64215 ||| READING scroll of teleportation.
 64218 | Slime:5  | 64218 ||| INVOKING Summon Divine Warrior.
 64220 | Slime:5  | Killed from afar by an acid blob

Levels and vault maps discovered:
D:1:      saegor_arrival_simple_d, layout_loops_ring
D:2:      layout_loops_ring, hellmonk_ecumenical_altar_leap_of_faith,
          amcnicky_mini_corridor_feature
D:3:      layout_rooms, regret_index_temple_of_mockery,
          nicolae_kite_square_tiling_tiny, minivault_25
D:4:      layout_basic, grunt_dithmenos_smoke_and_mirrors, serial_shops, shop,
          minmay_bent
D:5:      layout_cave_pools, mainiacjoe_overflow_cross_hatched,
          minmay_temple_entry_drinking_statues
D:6:      layout_loops_corners, minmay_misc_feat_doors
D:7:      layout_gridville, grunt_ministairs_10, minivault_19
D:8:      layout_loops_ring, fedhas_ov_isle_minmay
D:9:      minmay_the_grid_octo_triangle [minmay_the_grid_octo_toaster,
          minmay_the_grid_octo_prize_single_spiral,
          minmay_the_grid_octo_shrine], layout_rooms, cheibriados_altar_1,
          chequers_temple_overflow_statue_of_worship, minitemple,
          lair_entry_dummy, uniq_amaemon, uniq_harold, uniq_maggie
D:10:     layout_irregular_city, uniq_josephine
D:11:     layout_roguey, kennysheep_generic_room_15, uniq_fannar
D:12:     layout_roguey, orc_david_3, gauntlet_entry_generic
D:13:     layout_loops_ring, david_vaults_4, einodemon_armed_red_devil_minivault
D:14:     layout_long_grid, grunt_gozag_breadcrumbs, nicolae_vehumet_radiance
D:15:     hangedman_depths_entry_try_elsewhere_first, layout_cross,
          okawaru_ov_weapons_minmay, uniq_louise
Temple:   hellmonk_temple_of_storms
Lair:1:   layout_chaotic_city, nicolae_lair_run_with_the_wolves
Lair:2:   layout_loops_ring, minmay_swamp_entry_reptiles,
          minmay_snake_entry_guardpost_medium, nicolae_volcano_entry_lava_flow,
          basic_altar, minivault_11
Lair:3:   layout_concentric_octagons
Lair:4:   layout_loops_ring, ebering_ghost_reflecting_pool,
          nicolae_lair_lil_pond, serial_bayou_ford_a
Lair:5:   minmay_lair_end_frog_pond, layout_gridlike, slime_entry_1,
          gammafunk_ghost_hydra_chop, dpeg_oklob_1
Swamp:1:  nicolae_swamp_long_stream, layout_basic_swamp,
          evilmike_swamp_ruin_house_6, swamp_pool3, grunt_hermit_hut,
          uniq_jorgrun, uniq_roxanne
Swamp:2:  nicolae_swamp_decorative_isthmus, layout_falls_marsh,
          evilmike_swamp_ruin_house_4, uniq_donald
Swamp:3:  layout_basic_swamp, nicolae_swamp_well_well_well, swamp_pool2
Swamp:4:  swamp_vile, layout_basic_swamp, swamp_pool3,
          nicolae_swamp_spooky_pond, uniq_kirke
Snake:1:  layout_cave_shapes, uniq_aizul
Snake:2:  nicolae_snake_unarmed_stairs_patrol, layout_onion, st_stairs_1,
          lightli_airlock
Snake:3:  layout_gridlike, nicolae_snake_gridmaze_tees, nicolae_shop_self_help,
          lemuel_fruit_tree
Snake:4:  grunt_snake_rune_serpentine_throne, layout_onion, drop_trap,
          uniq_vashnia
Slime:1:  layout_caves, cheibrodos_slime_lost_civilization_7
Slime:2:  layout_caves, uniq_dissolution
Slime:3:  layout_caves
Slime:4:  layout_caves
Slime:5
Orc:1:    layout_diamond_mine
Orc:2:    st_orc_mages, layout_caves
Vaults:1: nicolae_vaults_ninety_degrees, nicolae_vaults_little_squares_1,
          vaults_room_door_ring, v_misc_19,
          nicolae_vaults_windows_and_doors_thing, ontoclasm_vaults_tryst,
          layout_vaults_quadrants, enter_trove_0
Vaults:2: vaults_room_grid, ontoclasm_vaults_ring_large,
          minmay_crypt_entry_simple_box, vaults_mumra_minichess_inversion,
          nicolae_vaults_alarming, grunt_vaults_hallway_short,
          nicolae_vaults_little_squares_2, nicolae_vaults_little_ls, v_misc_2,
          st_lattice, layout_vaults_ring
Vaults:3: v_misc_18, hangedman_vaults_snaps, nicolae_vaults_branching_niches,
          nicolae_vaults_little_squares_5, nicolae_vaults_network_periphery,
          nicolae_vaults_puzzle_piece, v_misc_8, vaults_mumra_chevron_long,
          nicolae_vaults_ring_of_whatevers, vaults_room_pools,
          grunt_vaults_hallway_short, grunt_vaults_hallway_long,
          layout_vaults_big_cross, serial_shops, nicolae_shop_hallway_plus,
          uniq_xtahua
Vaults:4: nicolae_vaults_diagonal_hallway_9, ontoclasm_vaults_twist,
          nicolae_vaults_three_branches, nicolae_vaults_network_quincunx
          [nicolae_vaults_network_quincunx_subvault,
          nicolae_vaults_network_quincunx_subvault,
          nicolae_vaults_network_quincunx_subvault,
          nicolae_vaults_network_quincunx_subvault,
          nicolae_vaults_network_quincunx_subvault], ontoclasm_vaults_fault,
          ontoclasm_vaults_claustrophobia, nicolae_vaults_disjoint_gnomons,
          v_misc_8, ontoclasm_vaults_spin, vaults_room_door_ring,
          nicolae_vaults_network_barrier, ontoclasm_vaults_ring_large,
          vaults_room_pools, st_hourglassy, nicolae_vaults_little_squares_4,
          nicolae_vaults_theta, layout_vaults_maze, serial_shops,
          nicolae_shop_trees, uniq_saint_roka
Vaults:5
Crypt:1:  layout_chaotic_city, grunt_crypt_arrival_webbed,
          roderic_lattice_octagonal_star
Crypt:2:  layout_gridlike
Crypt:3:  due_elkab, layout_chaotic_city
Tomb:1
Tomb:2
Tomb:3:   uniq_mennas
Depths:1: layout_cave_pools, kiku_gazebo_pond_becter, hell_entry,
          nicolae_tso_carved_into_rock
Depths:2: minmay_dotted_concentric_squares, layout_gridlike, enter_ziggurat_f,
          pan_entry, chequers_decorated_corner, grunt_hell_entry_dis_mu,
          minmay_starry_boxes
Depths:3: lemuel_vampire_tower, layout_cave_pools, abyss_entry_glasseish,
          hell_entry, infiniplex_staircase_trident, wad_floor_pattern_untrapped,
          nicolae_ashenzari_panopticon
Depths:4: evilmike_zot_entry_hall, layout_basic, hell_entry,
          abyss_entry_flame_altar, grunt_ministairs_6, nrook_campfire,
          kennysheep_random_hallway, uniq_grunn, uniq_margery
Zot:1:    infiniplex_zot_generator, layout_cathedral_of_symmetry, st_stairs_4,
          grunt_ministairs_2
Zot:2:    layout_basic, gammafunk_ghost_abyssal_escape,
          hangedman_zot_decor_tridents
Zot:3:    layout_onion_interference
Zot:4:    layout_basic

Skill      XL: |  1  2  3  4  5  6  7  8  9 10 11 12 13 14 15 16 17 18 19 20 21 22 23 24 25 26 27 |
---------------+----------------------------------------------------------------------------------+-----
Axes           | 2 3 4 5 7 8 9 10 12 14 15 16 17 18 | 18.0
Shields        | 4 5 6 8 9 10 11 12 14 16 17 18 19 20 21 22 23 | 23.0
Invocations    | 2 4 6 10 12 19 27 | 27.0
Fighting       | 4 5 6 7 8 9 11 12 13 15 16 18 19 21 22 23 25 27 | 27.0
Dodging        | 1 2 4 5 6 7 8 |  8.6
Armour         | 5 6 7 9 10 11 12 13 15 16 18 19 21 22 25 | 25.6
Throwing       | 1 5 6 7 9 11 12 13 14 | 14.3
Short Blades   | 5 |  5.4

Action                   |  1- 3 |  4- 6 |  7- 9 | 10-12 | 13-15 | 16-18 | 19-21 | 22-24 | 25-27 || total
-------------------------+-------+-------+-------+-------+-------+-------+-------+-------+-------++-------
Melee: War axe           |    76 |    87 |   282 |   196 |    13 |       |   888 |  1861 |   409 ||  3812
       Broad axe         |       |       |       |   309 |  1037 |   833 |   459 |       |  1929 ||  4567
Throw: Boomerang         |       |       |    13 |    44 |       |    22 |    39 |    29 |   200 ||   347
       Javelin           |       |       |       |       |   102 |    68 |    62 |    51 |   163 ||   446
Invok: Heroism           |       |     2 |    19 |    25 |    44 |    29 |    40 |    39 |    15 ||   213
       Finesse           |       |       |       |     1 |     7 |     3 |     7 |    14 |     2 ||    34
       Cleansing Flame   |       |       |       |       |       |       |       |       |   127 ||   127
       Summon Divine War |       |       |       |       |       |       |       |       |    43 ||    43
       Brand Weapon With |       |       |       |       |       |       |       |       |     1 ||     1
  Use: Scroll            |     8 |     5 |     2 |    10 |    14 |     2 |     2 |     3 |    30 ||    76
       Potion            |       |     2 |     2 |     1 |     2 |     1 |     3 |     3 |    48 ||    62
Armor: Scale mail        |    33 |    35 |    22 |       |       |       |       |       |       ||    90
       Chain mail        |       |       |   129 |     1 |       |       |       |       |       ||   130
       Plate armour      |       |       |       |   272 |   413 |   306 |   571 |   814 |  1187 ||  3563
       Shadow dragon sca |       |       |       |       |       |       |       |       |   140 ||   140
       Crystal plate arm |       |       |       |       |       |       |       |       |     1 ||     1
Dodge: Dodged            |    22 |    42 |    78 |   142 |   257 |   213 |   340 |   576 |   789 ||  2459
Block: Buckler           |    10 |       |       |       |       |       |       |       |       ||    10
       Kite shield       |     6 |    30 |   129 |   282 |   445 |       |       |       |       ||   892
       Tower shield      |       |       |       |       |   184 |   813 |  1273 |  1542 |  2089 ||  5901

Table legend:
 A = Non-vault XP
 B = Vault XP
 C = Vault XP percentage of total XP
 D = Non-vault monster count
 E = Vault monster count
 F = Vault count percentage of total count
                 A         B        C        D         E       F
            +---------+---------+-------+---------+---------+-------
      Total |  990728 |  830237 |  45.6 |    1764 |     987 |  35.9
            +---------+---------+-------+---------+---------+-------
        D:1 |      24 |       0 |   0.0 |      15 |       0 |   0.0
        D:2 |      45 |       0 |   0.0 |      16 |       0 |   0.0
        D:3 |      17 |       0 |   0.0 |      10 |       0 |   0.0
        D:4 |     337 |      15 |   4.3 |      17 |       6 |  26.1
        D:5 |     470 |       0 |   0.0 |      25 |       0 |   0.0
        D:6 |     254 |     228 |  47.3 |      14 |       3 |  17.6
        D:7 |    1254 |     133 |   9.6 |      21 |       1 |   4.5
        D:8 |    2143 |       0 |   0.0 |      29 |       0 |   0.0
        D:9 |    1199 |    5181 |  81.2 |      20 |      11 |  35.5
       D:10 |    4172 |    1975 |  32.1 |      28 |       6 |  17.6
       D:11 |    2236 |    1464 |  39.6 |      29 |       2 |   6.5
       D:12 |    5050 |    1522 |  23.2 |      24 |       8 |  25.0
       D:13 |    5017 |    2612 |  34.2 |      11 |       6 |  35.3
       D:14 |    9722 |       0 |   0.0 |      17 |       0 |   0.0
       D:15 |    7473 |    4587 |  38.0 |      16 |       5 |  23.8
     Lair:1 |    4003 |    1514 |  27.4 |      15 |       9 |  37.5
     Lair:2 |    6749 |    1291 |  16.1 |      35 |       9 |  20.5
     Lair:3 |    5543 |       0 |   0.0 |      20 |       0 |   0.0
     Lair:4 |   10363 |       0 |   0.0 |      31 |       0 |   0.0
     Lair:5 |    9171 |   10840 |  54.2 |      27 |      36 |  57.1
    Swamp:1 |   13542 |    3825 |  22.0 |      24 |       3 |  11.1
    Swamp:2 |   15773 |    1290 |   7.6 |      35 |       1 |   2.8
    Swamp:3 |   17870 |       0 |   0.0 |      31 |       0 |   0.0
    Swamp:4 |   13875 |   26902 |  66.0 |      28 |      44 |  61.1
    Snake:1 |   10386 |    1231 |  10.6 |      22 |       1 |   4.3
    Snake:2 |    9132 |    7959 |  46.6 |      19 |      13 |  40.6
    Snake:3 |   19394 |       0 |   0.0 |      39 |       0 |   0.0
    Snake:4 |   12247 |   28938 |  70.3 |      24 |      40 |  62.5
    Slime:1 |   16252 |    3554 |  17.9 |      29 |       4 |  12.1
    Slime:2 |    4210 |       0 |   0.0 |       8 |       0 |   0.0
    Slime:3 |    2623 |       0 |   0.0 |       4 |       0 |   0.0
    Slime:4 |    8557 |       0 |   0.0 |      20 |       0 |   0.0
    Slime:5 |   11490 |   24000 |  67.6 |      28 |      15 |  34.9
      Orc:1 |    1271 |       0 |   0.0 |      16 |       0 |   0.0
      Orc:2 |    1318 |    5626 |  81.0 |      27 |      43 |  61.4
   Vaults:1 |   20872 |    7954 |  27.6 |      27 |      11 |  28.9
   Vaults:2 |   30428 |   14309 |  32.0 |      37 |      16 |  30.2
   Vaults:3 |   26425 |   24706 |  48.3 |      43 |      27 |  38.6
   Vaults:4 |   14875 |   41738 |  73.7 |      17 |      46 |  73.0
   Vaults:5 |   18393 |   68415 |  78.8 |      26 |      62 |  70.5
    Crypt:1 |   31031 |       0 |   0.0 |      43 |       0 |   0.0
    Crypt:2 |   21890 |       0 |   0.0 |      30 |       0 |   0.0
    Crypt:3 |   25465 |   25165 |  49.7 |      33 |      58 |  63.7
     Tomb:1 |   11526 |   90399 |  88.7 |      27 |      70 |  72.2
     Tomb:2 |    9352 |   39152 |  80.7 |      34 |      51 |  60.0
     Tomb:3 |    8610 |   73826 |  89.6 |      20 |      81 |  80.2
   Depths:1 |   45525 |   16623 |  26.7 |      53 |       8 |  13.1
   Depths:2 |   22216 |   15538 |  41.2 |      31 |      15 |  32.6
   Depths:3 |   50215 |   36492 |  42.1 |      55 |      42 |  43.3
   Depths:4 |   36937 |   32909 |  47.1 |      42 |      25 |  37.3
      Zot:1 |   39034 |   31238 |  44.5 |      37 |      36 |  49.3
      Zot:2 |   49952 |       0 |   0.0 |      46 |       0 |   0.0
      Zot:3 |   33502 |       0 |   0.0 |      25 |       0 |   0.0
      Zot:4 |   34902 |       0 |   0.0 |      29 |       0 |   0.0
        Pan |  226396 |  172226 |  43.2 |     335 |     166 |  33.1
   Gauntlet |       0 |    4860 | 100.0 |       0 |       7 | 100.0
            +---------+---------+-------+---------+---------+-------
